 Dungeon Crawl Stone Soup version 0.24.0-10-g970556be89 (webtiles) character file.

Game seed: 1549361367423817481, levelgen mode: classic

714766 EnegeticOcto the Warrior (level 27, -4/226 HPs)
             Began as a Mummy Chaos Knight on Nov 3, 2019.
             Was a Favourite Plaything of Xom.
             Slain by a red draconian monk (17 damage)
             ... summoned by Xom
             ... on level 2 of the Realm of Zot.
             The game lasted 03:32:17 (81734 turns).

EnegeticOcto the Warrior (Mummy Chaos Knight)      Turns: 81734, Time: 03:32:17

Health: -4/226     AC: 35    Str: 15    XL:     27
Magic:  27/42      EV: 17    Int: 33    God:    Xom [...*..]
Gold:   4045       SH: 16    Dex: 18    Spells: 2/56 levels left

rFire    + + +     SeeInvis +   a - +9 demon trident (elec)
rCold    + + .     Gourm    .   Q - +2 shield of Resistance {rF+ rC+ MR+}
rNeg     + + +     Faith    .   P - +8 fire dragon scales
rPois    ∞         Spirit   .   G - -2 hat of the Alchemist {rElec rPois rF+ rC+ rN+ MR+ rMut rCorr}
rElec    +         Reflect  .   L - +2 cloak of Ethics {rN+ Dex+2}
rCorr    +         Harm     .   A - +3 pair of gauntlets of War {Slay+5}
rMut     +                      p - +2 pair of boots of the Assassin {Detection Stab+ Stlth++}
MR       +++++                  e - amulet "Nusaorph" {Regen+ Int+6 Dex+4 SInv}
Stlth    ++........             T - ring "Rurai" {Wiz Int+3 Slay+3, =R}
HPRegen  0.87/turn              b - +5 ring of protection
MPRegen  0.28/turn

@: very slightly contaminated, invisible, deflect missiles
A: no food or potions, fire vulnerability, cold resistance 1, negative energy
resistance 3, torment resistance, unbreathing, in touch with death 2
}: 6/15 runes: barnacled, slimy, silver, demonic, magical, gossamer
a: Renounce Religion


You were on level 2 of the Realm of Zot.
You worshipped Xom.
You were a favourite toy of Xom.
You were not hungry.

You visited 12 branches of the dungeon, and saw 55 of its levels.
You visited Pandemonium 1 time, and saw 9 of its levels.
You also visited: Trove, Ice Cave and Wizlab.

You collected 14466 gold pieces.
You spent 10421 gold pieces at shops.

Inventory:

Hand Weapons
 a - a +9 demon trident of electrocution (weapon)
 z - the +8 arc blade {discharge, rElec}
   (You took it off a deep elf archer on level 3 of the Elven Halls)

   It insulates you from electricity.
 V - a +2 short sword of distortion
Missiles
 k - 98 silver javelins (quivered)
 D - 33 curare-tipped darts
 W - 5 throwing nets {!f}
Armour
 p - the +2 pair of boots of the Assassin (worn) {Detection Stab+ Stlth++}
   (You found it in a treasure trove)

   It makes you much more stealthy.
 A - the +3 pair of gauntlets of War (worn) {Slay+5}
   (You found it on level 3 of the Elven Halls)

   It affects your accuracy and damage with ranged weapons and melee attacks
   (+5).
 G - the -2 hat of the Alchemist (worn) {rElec rPois rF+ rC+ rN+ MR+ rMut rCorr}
   (You found it on level 3 of the Depths)

   It protects you from fire.
   It protects you from cold.
   It insulates you from electricity.
   It protects you from poison.
   It protects you from negative energy.
   It affects your resistance to hostile enchantments.
   It provides partial protection from all sources of acid and corrosion.
   It protects you from mutation.
 L - the +2 cloak of Ethics (worn) {rN+ Dex+2}
   (You found it on level 5 of the Vaults)

   It affects your dexterity (+2).
   It protects you from negative energy.
 P - +8 fire dragon scales (worn)
 Q - the +2 shield of Resistance (worn) {rF+ rC+ MR+}
   (You found it on level 10 of the Dungeon)

   It protects you from fire.
   It protects you from cold.
   It affects your resistance to hostile enchantments.
Jewellery
 b - a +5 ring of protection (right hand)
 e - the amulet "Nusaorph" (around neck) {Regen+ Int+6 Dex+4 SInv}
   (You found it on level 3 of the Crypt)

   [amulet of regeneration]

   It affects your intelligence (+6).
   It affects your dexterity (+4).
   It lets you see invisible.
   It increases your rate of regeneration.
 h - the ring of Haugyf {rCorr Int+6 Dex+2}
   (You took it off a deep elf archer on level 3 of the Elven Halls)

   [ring of resist corrosion]

   It affects your intelligence (+6).
   It affects your dexterity (+2).
   It provides partial protection from all sources of acid and corrosion.
 i - the amulet of Paxoh {RegenMP rF+ rC+ Dex-4}
   (You bought it in a shop on level 3 of the Depths)

   [amulet of magic regeneration]

   It increases your magic regeneration.
   It affects your dexterity (-4).
   It protects you from fire.
   It protects you from cold.
 t - the ring of Phasing {EV+8}
   (You bought it in a shop on level 3 of the Depths)

   [ring of evasion]

   It affects your evasion (+8).
 y - the ring "Seynt" {rC+ rN+ Int+5}
   (You found it on level 3 of the Crypt)

   [ring of positive energy]

   It affects your intelligence (+5).
   It protects you from cold.
   It protects you from negative energy.
 T - the ring "Rurai" (left hand) {Wiz Int+3 Slay+3, =R}
   (You bought it in a shop on level 2 of the Vaults)

   [ring of wizardry]

   It improves your spell success rate.
   It affects your intelligence (+3).
   It affects your accuracy and damage with ranged weapons and melee attacks
   (+3).
Wands
 d - a wand of acid (65)
 j - a wand of clouds (8)
 l - a wand of scattershot (13)
 o - a wand of flame (55)
 u - a wand of digging (17)
 O - a wand of iceblast (76)
 R - a wand of polymorph (28)
 U - a wand of paralysis (30)
 X - a wand of random effects (79)
Scrolls
 c - 18 scrolls of teleportation {@r3 !r}
 f - 11 scrolls of magic mapping {@r5 !r}
 g - 28 scrolls of remove curse {@r2}
 n - 11 scrolls of fear {!r}
 r - 7 scrolls of blinking {@r4}
 s - 4 scrolls of noise
 v - 2 scrolls of torment
 B - a scroll of enchant armour
 C - a scroll of identify {@r1}
 E - 21 scrolls of fog {!r}
 F - 8 scrolls of vulnerability
 H - 8 scrolls of immolation
 I - a scroll of silence
 M - 2 scrolls of summoning
 N - 4 scrolls of holy word
Miscellaneous
 m - a phantom mirror
 q - a lightning rod (4/4)
 w - 6 boxes of beasts
 x - a sack of spiders
 K - a lamp of fire
 S - a fan of gales


   Skills:
 + Level 20.7 Fighting
 - Level 2.4 Short Blades
 - Level 13.9(14.0) Polearms
   Level 2.4(9.6) Staves
   Level 1.0 Bows
 * Level 10.5 Throwing
 - Level 14.0 Armour
 - Level 12.0 Dodging
 - Level 15.0 Shields
 - Level 15.0 Spellcasting
 - Level 10.0 Hexes
 - Level 5.0 Charms
 - Level 10.0 Summonings
 - Level 19.0 Necromancy
 - Level 6.0 Translocations
 - Level 10.0 Air Magic
 - Level 10.0 Earth Magic
 - Level 4.0 Evocations


You had 2 spell levels left.
You knew the following spells:

 Your Spells              Type           Power        Failure   Level  Hunger
a - Apportation           Tloc           ######       1%          1    N/A
b - Summon Lightning Spi  Summ/Air       ######..     1%          4    N/A
c - Tukima's Dance        Hex            ######..     1%          3    N/A
d - Invisibility          Hex            ######..     6%          6    N/A
e - Deflect Missiles      Chrm/Air       ######....   16%         6    N/A
f - Summon Mana Viper     Hex/Summ       ######..     1%          5    N/A
g - Passage of Golubria   Tloc           N/A          1%          4    N/A
h - Infestation           Necr           ########..   6%          8    N/A
i - Shadow Creatures      Summ           N/A          6%          6    N/A
j - Confusing Touch       Hex            ######       1%          1    N/A
p - Passwall              Tmut/Erth      ######..     1%          2    N/A
M - Borgnjor's Vile Clut  Necr/Erth      ########..   1%          5    N/A
O - Summon Butterflies    Summ           ######..     1%          1    N/A
Y - Blink                 Tloc           N/A          1%          2    N/A

Your spell library contained the following spells:

 Spells                   Type           Power        Failure   Level  Hunger
 Animate Skeleton         Necr           N/A          0%          1    N/A
 Pain                     Necr           ####         0%          1    N/A
 Corpse Rot               Necr           N/A          0%          2    N/A
 Corona                   Hex            ######.      1%          1    N/A
 Sandblast                Erth           ######       1%          1    N/A
 Shock                    Conj/Air       ####         1%          1    N/A
 Summon Small Mammal      Summ           ####         1%          1    N/A
 Call Imp                 Summ           ######..     1%          2    N/A
 Ensorcelled Hibernation  Hex/Ice        ######       1%          2    N/A
 Poisonous Vapours        Pois/Air       ######       1%          2    N/A
 Slow                     Hex            ######..     1%          2    N/A
 Song of Slaying          Chrm           ######..     1%          2    N/A
 Swiftness                Chrm/Air       ######..     1%          2    N/A
 Freeze                   Ice            ###.         2%          1    N/A
 Magic Dart               Conj           ###.         2%          1    N/A
 Sting                    Conj/Pois      ###.         2%          1    N/A
 Searing Ray              Conj           ###...       3%          2    N/A
 Sticks to Snakes         Tmut           ###.....     3%          2    N/A
 Throw Frost              Conj/Ice       ###...       3%          2    N/A
 Vampiric Draining        Necr           ########..   0%          3    N/A
 Animate Dead             Necr           N/A          0%          4    N/A
 Call Canine Familiar     Summ           ######..     1%          3    N/A
 Confuse                  Hex            ######..     1%          3    N/A
 Dazzling Spray           Conj/Hex       ######       1%          3    N/A
 Gell's Gravitas          Tloc           ######....   1%          3    N/A
 Inner Flame              Hex/Fire       ######..     1%          3    N/A
 Lesser Beckoning         Tloc           ######....   1%          3    N/A
 Mephitic Cloud           Conj/Pois/Air  #####...     1%          3    N/A
 Portal Projectile        Hex/Tloc       ######       1%          3    N/A
 Recall                   Summ/Tloc      N/A          1%          3    N/A
 Spectral Weapon          Hex/Chrm       ######..     1%          3    N/A
 Static Discharge         Conj/Air       ######..     1%          3    N/A
 Stone Arrow              Conj/Erth      ######       1%          3    N/A
 Summon Guardian Golem    Hex/Summ       ######..     1%          3    N/A
 Airstrike                Air            ######....   1%          4    N/A
 Cause Fear               Hex            ######....   1%          4    N/A
 Leda's Liquefaction      Hex/Erth       ######....   1%          4    N/A
 Agony                    Necr           ########     1%          5    N/A
 Bolt of Draining         Conj/Necr      ########..   1%          5    N/A
 Dispel Undead            Necr           ########     1%          5    N/A
 Excruciating Wounds      Chrm/Necr      ########..   1%          5    N/A
 Lee's Rapid Deconstruct  Erth           ######....   1%          5    N/A
 Silence                  Hex/Air        ######....   1%          5    N/A
 Death Channel            Necr           ########..   1%          6    N/A
 Ozocubu's Armour         Chrm/Ice       #####...     2%          3    N/A
 Fulminant Prism          Conj/Hex       ######....   2%          4    N/A
 Petrify                  Tmut/Erth      ######..     2%          4    N/A
 Summon Ice Beast         Ice/Summ       ######..     2%          4    N/A
 Haunt                    Necr/Summ      ########..   4%          7    N/A
 Force Lance              Conj/Tloc      #####...     6%          4    N/A
 Darkness                 Hex            ######....   6%          6    N/A
 Conjure Flame            Conj/Fire      ###.....     7%          3    N/A
 Ignite Poison            Fire/Tmut/Pois ###.....     7%          3    N/A
 Simulacrum               Ice/Necr       ########..   7%          6    N/A
 Metabolic Englaciation   Hex/Ice        ######....   9%          5    N/A
 Yara's Violent Unravell  Hex/Tmut       ######....   9%          5    N/A
 Bolt of Magma            Conj/Fire/Erth #####.....   16%         5    N/A
 Iskenderun's Mystic Bla  Conj           ###.....     22%         4    N/A
 Olgreb's Toxic Radiance  Pois           ###.....     22%         4    N/A
 Sticky Flame             Conj/Fire      ###.....     22%         4    N/A
 Throw Icicle             Conj/Ice       ###.....     22%         4    N/A
 Iskenderun's Battlesphe  Conj/Chrm      #####...     22%         5    N/A
 Monstrous Menagerie      Summ           ######....   30%         7    N/A
 Summon Greater Demon     Summ           ######....   30%         7    N/A
 Conjure Ball Lightning   Conj/Air       ######....   38%         6    N/A
 Iron Shot                Conj/Erth      ######....   38%         6    N/A
 Alistair's Intoxication  Tmut/Pois      ###.....     50%         5    N/A
 Fireball                 Conj/Fire      ###.......   50%         5    N/A
 Irradiate                Conj/Tmut      ###.......   50%         5    N/A
 Venom Bolt               Conj/Pois      ###.......   50%         5    N/A
 Malign Gateway           Summ/Tloc      ######....   54%         7    N/A
 Freezing Cloud           Conj/Ice/Air   #####.....   63%         6    N/A
 Spellforged Servitor     Conj/Summ      ######....   91%         7    N/A
 Discord                  Hex            ######....   91%         8    N/A
 Summon Horrible Things   Summ           ######....   91%         8    N/A
 Bolt of Cold             Conj/Ice       ###.......   96%         6    N/A
 Bolt of Fire             Conj/Fire      ###.......   96%         6    N/A
 Ozocubu's Refrigeration  Ice            ###.......   96%         6    N/A
 Ring of Flames           Chrm/Fire      #####.....   99%         7    N/A
 Orb of Destruction       Conj           ###.......   100%        7    N/A
 Ignition                 Fire           ###.......   100%        8    N/A
 Tornado                  Air            ######....   100%        9    N/A
 Sublimation of Blood     Necr           Unusable     N/A         2    N/A
 Beastly Appendage        Tmut           Unusable     N/A         1    N/A
 Regeneration             Chrm/Necr      Unusable     N/A         3    N/A
 Borgnjor's Revivificati  Necr           Unusable     N/A         8    N/A
 Spider Form              Tmut/Pois      Unusable     N/A         3    N/A
 Ice Form                 Ice/Tmut       Unusable     N/A         4    N/A
 Statue Form              Tmut/Erth      Unusable     N/A         6    N/A
 Blade Hands              Tmut           Unusable     N/A         5    N/A
 Death's Door             Chrm/Necr      Unusable     N/A         8    N/A
 Necromutation            Tmut/Necr      Unusable     N/A         8    N/A
 Hydra Form               Tmut           Unusable     N/A         6    N/A
 Dragon Form              Tmut           Unusable     N/A         7    N/A

Dungeon Overview and Level Annotations

Branches:
Dungeon (15/15)            Temple (0/1) D:6            Lair (6/6) D:9
 Shoals (4/4) Lair:4       Spider (4/4) Lair:2        Slime (5/5) Lair:5
    Orc (2/2) D:9             Elf (3/3) Orc:2        Vaults (5/5) D:13
  Crypt (3/3) Vaults:2       Tomb (1/3) Crypt:3      Depths (5/5) D:15
    Zot (2/5) Depths:5      IceCv (visited)          WizLab (visited)

Altars:
Elyvilon
Kikubaaqudgha
Makhleb
Okawaru
Ru
Uskayaw
Vehumet
Xom
Yredelemnul
The Shining One
Beogh
Jiyva
Lugonu

Shops:
D:4 *   D:8 (   D:10 !   D:15 %   Orc:2 (:%%   Elf:1 }   Elf:3 ?   Vaults:2 =
Vaults:4 ?   Depths:3 =   Depths:4 }:%[

Portals:
Hell: Depths:1 Depths:2 Depths:3 Depths:4 Depths:5
Abyss: Depths:1 Depths:2 Depths:4 Depths:5
Pandemonium: Orc:2 Depths:3
Ziggurat: Depths:5

Annotations:
Vaults:3 1 runed translucent door, Ugguttuj's ghost, veteran DrWn
Vaults:5 1 exclusion


Innate Abilities, Weirdness & Mutations

You do not eat or drink.
Your flesh is vulnerable to fire.
You are immune to poison.
Your flesh is cold resistant. (rC+)
You are immune to negative energy. (rN+++)
You are immune to unholy pain and torment.
You can survive without breathing.
You are strongly in touch with the powers of death.


Message History

The bolt of lightning hits the electric golem.
The electric golem completely resists.
You block the tentacled monstrosity's attack.
The tentacled monstrosity tentacle-slaps you but does no damage.
You block the tentacled monstrosity's attack.
The tentacled monstrosity constricts you.
The red draconian monk hits you but does no damage.
The red draconian monk closely misses you.
The red draconian monk barely misses you.
You strike the helpless crimson imp from behind!
You impale the crimson imp!!
Lightning courses through the crimson imp!!
You kill the crimson imp!
The zombie hands constrict the tentacled monstrosity.
The zombie hands constrict the red draconian monk!
The electric golem blinks!
The red draconian monk hits you!
* * * LOW HITPOINT WARNING * * *
You block the red draconian monk's attack.
The red draconian monk tail-slaps you but does no damage.
You escape the tentacled monstrosity's grasp.
The zombie hands constrict the tentacled monstrosity!!
The zombie hands constrict the red draconian monk! "Heh heh heh..."
You are confused.
You are now a favourite toy of Xom.
The red draconian monk escapes!
The tentacled monstrosity struggles to escape constriction.
Evoke which item? (* to show all) (? for menu, Esc to quit)
You're too confused!
The zombie hands constrict the tentacled monstrosity!
The red draconian monk rages.
The electric golem blinks!
The tentacled monstrosity struggles to escape constriction.
The red draconian monk hits you!!
* * * LOW HITPOINT WARNING * * *
The red draconian monk completely misses you.
The red draconian monk tail-slaps you but does no damage.
The zombie hands constrict the tentacled monstrosity!!
The tentacled monstrosity struggles to escape constriction.
You bump into the rock wall.
The zombie hands constrict the tentacled monstrosity!!
The red draconian monk misses you. The red draconian monk kicks you!
* * * LOW HITPOINT WARNING * * *
The red draconian monk misses you.
The tentacled monstrosity escapes!
The red draconian monk closely misses you.
The red draconian monk misses you.
The red draconian monk closely misses you.
The electric golem blinks!
The red draconian breathes flames at the red draconian monk.
The searing blast hits the red draconian monk!
The red draconian monk resists.
The searing blast misses you.
You bump into the rock wall.
You are engulfed in blazing flames.
You resist.
* * * LOW HITPOINT WARNING * * *
The red draconian monk hits you!
* * * LOW HITPOINT WARNING * * *
The red draconian monk kicks you.
* * * LOW HITPOINT WARNING * * *
The red draconian monk closely misses you.
The electric golem hits you but does no damage. x3
The electric golem misses you.
The red draconian monk closely misses you.
The red draconian monk kicks you!
* * * LOW HITPOINT WARNING * * *
The red draconian monk barely misses you.
The electric golem hits you but does no damage.
The electric golem misses you. The electric golem barely misses you.
The electric golem completely misses you.
You feel less confused.
The electric golem hurls lightning at you.
You deflect the bolt of lightning!
Okay, then.
Unknown command.
Search for what [Enter for "gold", or ? for help]? aura Unknown command.
Okay, then.
Press: ? - help, v - describe, . - travel
Here: a red draconian monk, wearing a cursed +0 cloak (flame, severely wounded, berserk, fast, unusually strong, hasn't noticed you, summoned)
The floor.
Evoke which item? (* to show all) (? for menu, Esc to quit)
Aiming: Paralyse
Press: ? - help, Shift-Dir - straight line, f/p - red draconian monk
Aim: a red draconian monk, wearing a cursed +0 cloak (flame, severely wounded, berserk, fast, unusually strong, hasn't noticed you, summoned, chance to defeat MR: 40%)
Okay, then.
Okay, then.
Press: ? - help, v - describe, . - travel A rock wall.
Your blink will be uncontrolled - continue anyway?
The Orb prevents control of your translocation!
You blink.
As you read the scroll of blinking {@r4}, it crumbles to dust.
The electric golem hurls lightning at you.
You deflect the bolt of lightning! The bolt of lightning misses you.
The bolt of lightning hits the tentacled monstrosity!
The tentacled monstrosity resists.
The tentacled monstrosity dies!
The red draconian monk is engulfed in blazing flames.
You block the red draconian monk's attack.
The red draconian monk completely misses you.
The red draconian monk tail-slaps you!
You die...

,* ##.<# ,* ##.##
,* ##.## **** ,*
##.## *,,**
,******########.##
*,,,**
,,,,,,,..%.....##
**,,,**
,,,,,,,........##
**,,,**
****,,*#####..§q##
**,,,** *,,*
###.8@## **,,,** *
*,,* ##..d##
**,,,** ** *,,*
##.†.## **,,,**
≈***,,* ##..>#*
**,<,* ,≈***,*****
##...#* **,,*
,,≈**,,,,,**
##...#* *,,*
,,≈**,,,,,,**
##...#* *,,*
*,≈**,,**,,,**
*#...# *,,*
≈≈,**,,***,,,**
*#>.#*****,,*


You could see an electric golem, a red draconian monk (berserk) and a red
draconian.

Vanquished Creatures
  the Royal Jelly (Slime:5)
  Lom Lobon (Pan)
  An ancient lich (Vaults:5)
  Mennas (Pan)
  Sojobo (Crypt:3)
  Saint Roka (Vaults:1)
  Bai Suzhen (Crypt:2)
  5 golden dragons
  A profane servitor (Crypt:3)
  2 bone dragons
  Arachne (Spider:3)
  2 Brimstone Fiends (Pan)
  A Cloud Mage (WizLab)
  2 Tzitzimimeh (Pan)
  5 pandemonium lords (Pan)
  5 tentacled monstrosities
  A hellephant (Spider:2)
  An Ice Fiend (Pan)
  A Hell Sentinel (Pan)
  12 titans
  A shard shrike skeleton (Crypt:2)
  7 liches
  2 quicksilver dragons (Vaults:5)
  2 deep elf blademasters (Elf:3)
  17 acid blobs
  2 deep elf master archers (Elf:3)
  9 ancient champions
  12 sphinxes
  7 Executioners (Pan)
  6 shadow dragons
  5 storm dragons
  5 revenants
  Donald (Crypt:2)
  11 tengu reavers
  2 draconian monks
  8 azure jellies
  3 fire giants
  3 ghost moths (Spider:4)
  18 vault wardens
  Aizul (Spider:3)
  2 balrugs (Pan)
  5 emperor scorpions
  7 deep elf sorcerers
  3 deep elf elementalists
  3 corrupters (Pan)
  A ghost moth (shapeshifter) (Vaults:5)
  9 frost giants
  A draconian scorcher (Depths:5)
  5 iron dragons
  4 curse skulls
  2 draconian shifters (Depths:3)
  15 very ugly things
  3 reapers (Pan)
  2 war gargoyles
  5 ghouls
  2 cacodemons (Pan)
  A warmonger (Pan)
  5 draconian annihilators
  4 entropy weavers
  19 stone giants
  15 ironheart preservers
  The ghost of Akransas the Destroyer, a journeyman OpVM of Sif Muna (Lair:6)
  4 blood saints (Pan)
  A dire elephant (D:15)
  13 deep elf annihilators
  A lorocyproca (Depths:3)
  7 deep elf demonologists
  7 vampire knights
  A black draconian (Depths:5)
  2 black suns (Pan)
  2 white draconians (Depths:5)
  10 spark wasps
  11 deep elf death magi
  A red draconian (Depths:5)
  2 eidola (Crypt:3)
  18 blizzard demons
  10 ettins
  Snorg (Lair:6)
  6 mummy priests
  7 merfolk javelineers
  14 green deaths (Pan)
  A fire dragon (shapeshifter) (Elf:1)
  6 jiangshi
  13 merfolk impalers
  7 deep elf high priests
  16 yaktaur captains
  7 death oozes (Slime:5)
  10 great orbs of eyes
  Erolcha (D:11)
  8 fire dragons
  4 rakshasas
  5 hydras
  A hell beast (Pan)
  6 ice dragons
  5 monstrous demonspawn (Pan)
  A quicksilver dragon skeleton (Crypt:2)
  2 juggernaut simulacra (Pan)
  3 ghost crabs (WizLab)
  An anaconda (Shoals:2)
  A merfolk avatar (Shoals:3)
  37 vault guards
  6 centaur warriors
  3 catoblepae (Lair:6)
  6 spriggan air magi
  4 death knights
  15 large abominations
  An alligator snapping turtle (Shoals:3)
  An alligator (D:9)
  26 dancing weapons
  5 death scarabs (Tomb:1)
  2 merfolk aquamancers
  31 two-headed ogres
  3 tengu warriors
  7 ogre magi
  10 deep troll shamans
  5 satyrs
  5 deep troll earth magi
  A vampire mage (Crypt:3)
  5 death yaks (Lair:6)
  5 orc high priests (Orc:2)
  4 spriggan berserkers
  5 shock serpents
  19 hell knights
  20 deep elf knights
  25 soul eaters
  14 sun demons
  A titan skeleton (Depths:3)
  2 small abominations
  A fire crab (shapeshifter) (Vaults:5)
  23 skeletal warriors
  The ghost of Ratty the Cleaver, a novice MiFi of Cheibriados (D:7)
  An iron troll (Depths:4)
  20 sixfirhies
  2 shadow wraiths
  5 death drakes (WizLab)
  A glowing orange brain (Depths:5)
  9 gelid demonspawn
  5 shadow demons (Pan)
  16 deep trolls
  An unseen horror (shapeshifter) (Spider:4)
  23 deep elf archers
  7 torturous demonspawn (Pan)
  4 infernal demonspawn
  3 flayed ghosts (Crypt:3)
  9 sea snakes
  2 unseen horrors (D:15)
  Pikel (D:7)
  5 phantasmal warriors
  An anaconda zombie (Crypt:1)
  3 lindwurms (Depths:3)
  4 wizards
  14 ironbrand convokers
  A harpy (shapeshifter) (Vaults:1)
  A golden dragon skeleton (Crypt:3)
  12 harpies
  A wolf spider zombie (D:15)
  13 orc knights
  8 necromancers
  A sphinx zombie (Crypt:1)
  2 orb spiders (shapeshifter)
  An iron dragon zombie (Crypt:3)
  46 deep elf magi
  24 wolf spiders
  8 orc sorcerers
  14 fauns
  14 orb spiders
  41 ugly things
  6 moths of wrath
  7 shining eyes
  13 cyclopes
  A fire giant skeleton (Crypt:3)
  15 vault sentinels
  15 manticores
  A guardian serpent (shapeshifter) (D:15)
  5 merfolk sirens
  An elephant (Spider:3)
  An iron dragon skeleton (Tomb:1)
  4 water nymphs
  5 black mambas
  A dire elephant zombie (Crypt:3)
  5 apocalypse crabs (WizLab)
  A centaur zombie (D:13)
  8 ice statues
  3 rust devils
  4 molten gargoyles (D:11)
  3 eyes of devastation
  7 orange demons (Pan)
  31 smoke demons (Pan)
  13 spiny frogs
  2 torpor snails (Lair:6)
  A stone giant skeleton (Crypt:3)
  A titan simulacrum (Crypt:3)
  A spiny frog (shapeshifter) (D:14)
  3 centaur skeletons
  11 hellions (Pan)
  2 gargoyles
  67 yaktaurs
  9 komodo dragons
  A rime drake (shapeshifter) (D:4)
  6 freezing wraiths
  An efreet (D:15)
  3 tormentors (Pan)
  20 demonic crawlers
  3 kobold demonologists (D:12)
  An emperor scorpion zombie (Crypt:3)
  3 rime drakes
  A catoblepas skeleton (Crypt:3)
  5 ice devils (Pan)
  16 hellwings (Pan)
  2 tengu conjurers
  2 anaconda simulacra (IceCv)
  A harpy zombie (Crypt:3)
  2 golden dragon simulacra (IceCv)
  26 merfolk
  8 red devils
  A death yak skeleton (Crypt:1)
  6 trolls
  2 meliai (shapeshifter)
  15 guardian mummies
  28 jumping spiders
  A hornet (shapeshifter) (D:10)
  A polar bear (Lair:3)
  A tyrant leech (D:10)
  2 jumping spiders (shapeshifter)
  66 slime creatures
  14 blink frogs
  12 hornets
  A blink frog (shapeshifter) (Vaults:5)
  A raiju (shapeshifter) (Vaults:1)
  A fire dragon zombie (Crypt:3)
  2 bog bodies (Crypt:3)
  12 wind drakes
  12 hippogriffs
  A fire giant simulacrum (Depths:3)
  10 dream sheep
  10 snapping turtles
  2 tarantellas (shapeshifter)
  11 air elementals
  Sigmund (D:3)
  28 tarantellas
  24 water elementals
  2 ettin skeletons
  3 flying skulls (Crypt:2)
  12 ynoxinuls (Pan)
  86 redbacks
  4 spriggans
  2 shadows
  7 wraiths
  A vampire (D:14)
  A wyvern (Lair:2)
  56 yaks
  A fire bat (shapeshifter) (Vaults:5)
  7 ushabtiu
  A yaktaur simulacrum (Vaults:2)
  A basilisk (shapeshifter) (D:5)
  6 neqoxecs (Pan)
  A fire elemental (Elf:3)
  5 golden eyes
  6 wargs
  An elf simulacrum (Depths:3)
  7 hungry ghosts
  A basilisk (D:12)
  15 chaos spawn (Pan)
  A swamp worm (shapeshifter) (Spider:4)
  15 vampire mosquitoes
  Menkaure (D:7)
  A harpy simulacrum (IceCv)
  3 iron troll simulacra (IceCv)
  A merfolk zombie (Crypt:2)
  A soldier ant (D:13)
  A two-headed ogre zombie (Crypt:3)
  A hydra simulacrum (IceCv)
  3 hell hounds (Pan)
  2 acid dragons
  13 porcupines
  An infernal demonspawn skeleton (Crypt:1)
  A swamp drake (Depths:3)
  15 water moccasins
  10 ice beasts
  A snapping turtle zombie (Crypt:1)
  5 black bears
  44 orc warriors
  A swamp drake (shapeshifter) (Vaults:5)
  4 eyes of draining
  A sky beast (D:6)
  2 phantoms (D:4)
  An eye of draining (shapeshifter) (Depths:4)
  3 necrophages
  30 ogres
  A wolf (shapeshifter) (Depths:5)
  9 wolves
  13 boggarts
  12 crocodiles
  27 centaurs
  A crocodile (shapeshifter) (Depths:1)
  A big kobold (shapeshifter) (Vaults:4)
  An octopode zombie (Crypt:3)
  14 bullfrogs
  8 big kobolds
  A wyvern zombie (D:13)
  An earth elemental (Elf:2)
  A yaktaur skeleton (Crypt:3)
  3 scorpions
  A yak zombie (Crypt:1)
  A spriggan zombie (Crypt:1)
  A killer bee (D:9)
  2 spriggan skeletons
  17 wights
  3 howler monkeys
  A wolf zombie (Crypt:1)
  4 electric eels
  A wolf skeleton (Crypt:3)
  A polar bear skeleton (Crypt:3)
  2 bullfrog zombies
  7 crimson imps
  3 jellies
  A lava snake (D:11)
  A quasit (D:11)
  6 hounds
  31 orc priests
  Crazy Yiuf (D:3)
  22 orc wizards
  2 gnoll shamans (D:13)
  A human skeleton (Crypt:3)
  3 hell rats (Lair:5)
  6 iguanas
  Ijyb (D:3)
  19 worker ants
  A porcupine skeleton (Crypt:2)
  A killer bee zombie (D:9)
  An acid dragon zombie (Crypt:2)
  A naga skeleton (Crypt:2)
  6 mummies (Tomb:1)
  2 hound skeletons
  A howler monkey zombie (D:6)
  A worker ant zombie (D:10)
  2 howler monkey skeletons
  16 gnolls
  A swamp drake zombie (Crypt:2)
  8 adders
  An ogre simulacrum (Crypt:3)
  A shadow imp (D:15)
  2 adder zombies
  An adder skeleton (D:9)
  A worm (shapeshifter) (Vaults:5)
  3 worms
  2 leopard geckos
  86 orcs
  A ball python (D:3)
  9 bats
  5 giant cockroaches
  A gnoll zombie (Crypt:1)
  4 goblins
  10 hobgoblins
  8 jackals
  13 kobolds
  5 frilled lizards
  A giant cockroach zombie (D:5)
  A hobgoblin zombie (Crypt:1)
  A jackal skeleton (D:5)
  2 leopard gecko skeletons
  An orc zombie (Crypt:3)
  2 quokka skeletons
  2 quokka zombies
  5 rats
  A plant (Shoals:4)
2556 creatures vanquished.

Vanquished Creatures (collateral kills)
  Dissolution (Slime:2)
  A juggernaut (Depths:4)
  A pandemonium lord (Pan)
  A caustic shrike (Depths:3)
  A Brimstone Fiend (Pan)
  A tentacled monstrosity (Depths:2)
  An Ice Fiend (Pan)
  2 acid blobs (Slime:5)
  2 Executioners (Pan)
  An ancient champion (Crypt:3)
  3 warmongers (Pan)
  A fire giant (Depths:2)
  A corrupter (Pan)
  2 vault wardens
  2 frost giants
  A reaper (Pan)
  6 stone giants
  A spriggan defender (Depths:3)
  4 very ugly things
  A vampire knight (Depths:5)
  2 spark wasps (Depths:5)
  2 deep elf annihilators
  2 blizzard demons (Pan)
  2 merfolk impalers (Shoals:4)
  A green death (Pan)
  2 deep elf death magi (Elf:3)
  A yaktaur captain (Depths:3)
  2 merfolk javelineers
  A hell beast (Pan)
  A great orb of eyes (Depths:2)
  A vault guard (Vaults:5)
  A monstrous demonspawn (Pan)
  2 ice dragons
  2 centaur warriors
  An alligator snapping turtle (Shoals:4)
  An ogre mage (Depths:3)
  3 two-headed ogres (Depths:3)
  A vampire mage (Depths:1)
  3 deep troll shamans
  An orc high priest (Orc:1)
  A deep elf knight (Vaults:1)
  3 soul eaters (Pan)
  6 hell knights (Depths:3)
  2 skeletal warriors (Crypt:3)
  2 spriggans (Depths:3)
  A shadow demon (Pan)
  2 deep elf archers
  4 deep trolls
  2 glowing orange brains
  An infernal demonspawn (Pan)
  2 torturous demonspawn (Pan)
  A gelid demonspawn (Pan)
  A lindwurm (Depths:3)
  3 wizards
  A necromancer (Depths:3)
  A wolf spider (Vaults:1)
  A cyclops (Vaults:2)
  7 ugly things
  5 deep elf magi
  3 shining eyes
  A slime creature (Slime:5)
  4 smoke demons (Pan)
  2 vault sentinels (Vaults:5)
  3 orange demons (Pan)
  2 hellions (Pan)
  A rime drake (Depths:3)
  3 tormentors (Pan)
  2 demonic crawlers (Pan)
  8 yaktaurs
  4 hellwings (Pan)
  A guardian mummy (Tomb:1)
  A troll (D:9)
  A polar bear (Vaults:1)
  2 hornets (Depths:3)
  17 ynoxinuls (Pan)
  A yak (shapeshifter) (Depths:1)
  5 water elementals
  2 large abominations (Pan)
  3 neqoxecs (Pan)
  3 chaos spawn (Pan)
  A swamp drake (Depths:3)
  An orc warrior (Orc:1)
  A phantom (D:6)
  An ice beast (IceCv)
  4 ogres
  5 boggarts
  2 centaurs (Depths:2)
  A bullfrog (D:6)
  2 killer bees (D:10)
  2 wights (D:6)
  4 orc priests
  A hound (D:6)
  2 orc wizards
  A gnoll (D:3)
  3 orcs
  2 giant cockroaches (Pan)
  A hobgoblin (D:3)
  A kobold (D:3)
  A quokka (D:9)
  2 crawling corpses (Elf:3)
219 creatures vanquished.

Vanquished Creatures (others)
  A tentacled monstrosity (Zot:2)
  A very ugly thing (Vaults:2)
  A vault guard (D:13)
  A death yak (Lair:6)
  4 dancing weapons
  A death drake (WizLab)
  2 ugly things (D:15)
  A deep elf mage (Vaults:2)
  A moth of wrath (Lair:6)
  A jumping spider (Spider:4)
  2 hellwings (Pan)
  A blink frog (Lair:5)
  An air elemental (WizLab)
  A tarantella (Spider:3)
  A ynoxinul (Pan)
  A yak (D:13)
  A basilisk (Lair:5)
  A steam dragon (D:12)
  A vampire mosquito (D:15)
  A water moccasin (Lair:5)
  A slave (D:7)
  An ogre (D:7)
  A jelly (D:12)
  4 hell rats (Lair:5)
  A worker ant (D:12)
  8 ball lightnings (Pan)
  2 orcs
  A kobold (D:12)
  19 fungi
  20 plants
83 creatures vanquished.

Grand Total: 2858 creatures vanquished

Notes
Turn   | Place    | Note
-------+----------+-------------------------------------------
     0 | D:1      | EnegeticOcto the Mummy Chaos Knight began the quest for the
                  | Orb.
     0 | D:1      | Reached XP level 1. HP: 18/18 MP: 1/1
   142 | D:1      | XOM: potion effect (heal wounds)
   153 | D:1      | Reached XP level 2. HP: 14/24 MP: 2/2
   509 | D:1      | Reached skill level 4 in Fighting
   781 | D:2      | XOM: divination: detect items
   794 | D:2      | Reached XP level 3. HP: 31/31 MP: 3/3
   886 | D:2      | XOM: divination: detect items
  1045 | D:2      | XOM: divination: detect items
  1052 | D:2      | Reached skill level 5 in Fighting
  1052 | D:2      | Reached XP level 4. HP: 39/39 MP: 4/4
  1087 | D:2      | XOM: divination: detect items
  1192 | D:2      | XOM: divination: magic mapping
  1321 | D:2      | Found a hide-covered altar of Uskayaw.
  1328 | D:2      | XOM: harmless Necr miscast
  1390 | D:3      | Noticed Ijyb
  1401 | D:3      | Killed Ijyb
  1446 | D:3      | XOM: noise
  1451 | D:3      | XOM: cast spell 'Summon Ice Beast'
  1486 | D:3      | Reached XP level 5. HP: 46/46 MP: 5/5
  1568 | D:3      | Reached skill level 6 in Fighting
  1600 | D:3      | Noticed Sigmund
  1674 | D:3      | Found a runed translucent door.
  1675 | D:3      | Noticed Crazy Yiuf
  1825 | D:2      | XOM: harmless Necr miscast
  1904 | D:2      | Learned a level 2 spell: Passwall
  1924 | D:3      | XOM: divination: detect creatures
  1931 | D:3      | Killed Sigmund
  1931 | D:3      | Reached skill level 7 in Fighting
  1931 | D:3      | Reached XP level 6. HP: 54/55 MP: 6/6
  1949 | D:3      | XOM: divination: detect items
  2520 | D:3      | XOM: 1-stop teleportation journey
  2592 | D:3      | Killed Crazy Yiuf
  2669 | D:3      | XOM: cloud trail
  2755 | D:4      | XOM: enchant monster (bad)
  2768 | D:3      | XOM: divination: detect items
  2802 | D:3      | XOM: summons 1 hostile demon
  2898 | D:3      | XOM: harmless Fire miscast
  3058 | D:4      | XOM: enchant monster (good)
  3063 | D:4      | XOM: confusion (+ monsters)
  3072 | D:4      | Reached skill level 8 in Fighting
  3072 | D:4      | Reached XP level 7. HP: 43/62 MP: 7/7
  3172 | D:4      | Found a white marble altar of Elyvilon.
  3187 | D:4      | XOM: god gift: ration
  3192 | D:4      | Found Nobbuic's General Store.
  3220 | D:4      | Noticed Eustachio
  3227 | D:4      | Noticed Eustachio
  3227 | D:4      | Eustachio changed into Eustachio the howler monkey
  3227 | D:4      | XOM: polymorph Eustachio -> Eustachio the howler monkey
  3232 | D:4      | Killed Eustachio the howler monkey
  3295 | D:4      | XOM: scenery: create altars
  3360 | D:4      | Reached skill level 9 in Fighting
  3443 | D:4      | XOM: god gift: coppery potion {god gift}
  3598 | D:4      | XOM: scenery: create altars
  3977 | D:4      | XOM: cloud trail
  3989 | D:5      | Entered Level 5 of the Dungeon
  4076 | D:5      | Noticed Blork the orc
  4096 | D:5      | Noticed Blork
  4097 | D:5      | Blork the shapeshifter changed into Blork the soldier ant
  4103 | D:4      | Reached XP level 8. HP: 62/72 MP: 8/8
  4286 | D:4      | Noticed Blork
  4286 | D:4      | Blork the hog changed into Blork the rime drake
  4294 | D:4      | Killed Blork the rime drake
  4294 | D:4      | Reached skill level 10 in Fighting
  4393 | D:5      | Noticed a shapeshifter
  4393 | D:5      | a gnoll shaman changed into a shapeshifter
  4393 | D:5      | XOM: polymorph gnoll shaman -> shapeshifter
  4393 | D:5      | a shapeshifter changed into a basilisk
  4402 | D:5      | XOM: enchant monster (good)
  4404 | D:5      | Reached skill level 1 in Dodging
  4412 | D:5      | XOM: scenery: create altars
  4762 | D:5      | XOM: divination: detect items
  4826 | D:5      | XOM: mild Hex miscast
  5005 | D:6      | XOM: 8-stop teleportation journey
  5156 | D:6      | XOM: noise
  5271 | D:6      | XOM: confusion (+ monsters)
  5305 | D:6      | Reached XP level 9. HP: 58/79 MP: 9/9
  5415 | D:6      | XOM: cleaving
  5422 | D:6      | Found a staircase to the Ecumenical Temple.
  5537 | D:6      | Learned a level 1 spell: Confusing Touch
  5545 | D:6      | XOM: confuse monster(s)
  6426 | D:6      | XOM: summons 1 hostile demon
  6481 | D:7      | XOM: summons friendly crimson imp
  6489 | D:7      | Reached skill level 1 in Spellcasting
  6557 | D:6      | Reached skill level 1 in Hexes
  6603 | D:7      | Noticed Menkaure
  6610 | D:7      | Killed Menkaure
  6757 | D:7      | Reached skill level 5 in Armour
  6767 | D:7      | Reached skill level 1 in Bows
  6834 | D:7      | Noticed Pikel
  6848 | D:7      | XOM: enchant monster (good)
  6849 | D:7      | XOM: divination: magic mapping
  6853 | D:7      | Killed Pikel
  6853 | D:7      | Reached skill level 1 in Staves
  6853 | D:7      | Reached skill level 5 in Dodging
  6892 | D:7      | Found a transporter.
  6895 | D:7      | Noticed a moth of wrath
  6895 | D:7      | Noticed Ratty's ghost (novice MiFi)
  6955 | D:7      | Found a transporter.
  6990 | D:7      | XOM: summons 1 hostile demon
  7188 | D:7      | XOM is BORED!
  7188 | D:7      | XOM: medium Chrm miscast
  7437 | D:8      | XOM: stealth player
  7512 | D:8      | Reached XP level 10. HP: 86/86 MP: 15/15
  7557 | D:8      | Noticed a two-headed ogre
  7567 | D:8      | XOM: enchant monster (bad)
  7573 | D:8      | XOM: confusion
  7593 | D:8      | XOM: confuse monster(s)
  7712 | D:8      | Found Teurasal's Antique Weapon Emporium.
  7723 | D:8      | XOM: divination: detect creatures
  8194 | D:8      | a two-headed ogre changed into a redback
  8194 | D:8      | XOM: polymorph two-headed ogre -> redback
  8197 | D:8      | Reached skill level 1 in Polearms
  8249 | D:8      | Noticed a two-headed ogre
  8253 | D:8      | XOM: summons friendly iron imp
  8255 | D:8      | XOM: harmless Tloc miscast
  8258 | D:8      | Killed a two-headed ogre
  8258 | D:8      | Reached skill level 1 in Evocations
  8380 | D:8      | XOM: chaos upgrade
  8403 | D:7      | XOM: polymorph orc priest -> iguana
  8747 | D:9      | XOM: smoke on damage
  8857 | D:8      | XOM: noise
  9161 | D:9      | Found a staircase to the Lair.
  9268 | D:8      | XOM: harmless Conj miscast
  9605 | D:9      | XOM: stat loss: -1 Str (14/15)
  9671 | D:9      | XOM: summons 4 hostile demons
  9709 | D:9      | XOM: enchant monster (bad)
  9736 | D:9      | XOM: summons 10 friendly demons
  9928 | D:9      | XOM: summons 5 hostile demons
 10057 | D:9      | Found a staircase to the Orcish Mines.
 10057 | D:9      | XOM: 1-stop teleportation journey
 10079 | D:9      | XOM: polymorph orc warrior -> orc warrior
 10228 | D:9      | XOM: cleaving
 10357 | D:9      | Reached skill level 5 in Polearms
 10374 | D:9      | Found an ancient bone altar of Kikubaaqudgha.
 10388 | D:9      | Found a radiant altar of Vehumet.
 10404 | D:9      | Learned a level 1 spell: Apportation
 10406 | D:9      | Learned a level 1 spell: Summon Butterflies
 10410 | D:9      | Learned a level 3 spell: Tukima's Dance
 10419 | D:9      | Learned a level 6 spell: Invisibility
 10522 | D:9      | XOM: harmless Conj miscast
 10633 | D:9      | XOM: mild Necr miscast
 10758 | D:9      | Found a sacrificial altar of Ru.
 10841 | D:10     | Entered Level 10 of the Dungeon
 10847 | D:9      | XOM: confuse monster(s)
 10885 | Orc:1    | Entered Level 1 of the Orcish Mines
 10891 | Orc:1    | Noticed an ettin
 10923 | Lair:1   | Entered Level 1 of the Lair of Beasts
 11031 | Lair:1   | XOM: god gift: scroll of fear
 11122 | Lair:1   | XOM: noise
 11145 | Lair:1   | Reached XP level 11. HP: 69/92 MP: 17/17
 11292 | Lair:1   | XOM: scenery: create altars
 11353 | Lair:1   | XOM: harmless Summ miscast
 11360 | Lair:1   | XOM: silly message
 11557 | Lair:1   | XOM: summons 3 friendly demons
 11569 | Lair:1   | XOM: fake destruction
 11595 | Lair:1   | XOM: polymorph yak -> hornet
 11600 | Lair:1   | XOM: repel stairs
 11605 | Lair:1   | XOM: mild Fire miscast
 11618 | Lair:1   | XOM: fog
 11893 | Lair:1   | XOM: harmless Conj miscast
 12067 | D:9      | XOM: swap monsters
 12083 | D:9      | XOM: mild Fire miscast
 12178 | D:10     | Found Vafes's Distillery.
 12178 | D:10     | Noticed Harold
 12185 | D:10     | XOM: cast spell 'Chain of Chaos'
 12328 | D:10     | XOM: medium Conj miscast
 12332 | D:10     | Noticed Harold
 12332 | D:10     | Harold changed into Harold the meliai
 12335 | D:10     | Noticed Harold
 12335 | D:10     | Harold the meliai changed into Harold the yaktaur
 12338 | D:10     | Killed Harold the yaktaur
 12435 | D:5      | XOM: cloud trail
 12501 | D:8      | Bought a runed demon trident for 486 gold pieces
 12621 | Lair:2   | XOM: cast spell 'Disjunction'
 12629 | Lair:2   | XOM: enchant monster (good)
 12687 | Lair:2   | XOM: enchant monster (good)
 12696 | Lair:2   | XOM: cleaving
 12701 | Lair:2   | XOM: divination: detect items
 12702 | Lair:2   | XOM: enchant monster (bad)
 12807 | Lair:2   | XOM: confusion
 12813 | Lair:2   | XOM: smoke on damage
 12864 | Lair:2   | Noticed a six-headed hydra
 12890 | Lair:2   | Killed a six-headed hydra
 12890 | Lair:2   | Reached skill level 11 in Fighting
 13082 | Lair:2   | Learned a level 2 spell: Sticks to Snakes
 13184 | Lair:2   | XOM: silly message
 13284 | Lair:2   | Noticed a five-headed hydra
 13293 | Lair:2   | Killed a five-headed hydra
 13315 | Lair:2   | XOM: mild Erth miscast
 13444 | Lair:2   | Found a hole to the Spider Nest.
 13625 | Lair:2   | Noticed Erica
 13626 | Lair:2   | Noticed Erica
 13626 | Lair:2   | Erica changed into Erica the cyclops
 13632 | Lair:2   | Killed Erica the cyclops
 13632 | Lair:2   | Reached XP level 12. HP: 97/100 MP: 18/18
 13799 | Lair:3   | XOM: mild Conj miscast
 13815 | Lair:3   | XOM: swap monsters
 13822 | Lair:3   | XOM: divination: detect items
 13824 | Lair:3   | XOM: cast spell 'Summon Butterflies'
 13894 | Lair:3   | XOM: harmless Tmut miscast
 13947 | Lair:3   | XOM: smoke on damage
 13952 | Lair:3   | XOM: divination: detect items
 14082 | Lair:3   | XOM: mild Tmut miscast
 14124 | Lair:3   | XOM: divination: detect creatures
 14241 | Lair:3   | XOM: god gift: 28 gold pieces
 14251 | Lair:3   | Found the +3 robe of Clouds {+Thunder rCloud rElec}
 14264 | Lair:3   | XOM: noise
 14291 | Lair:3   | XOM: harmless Hex miscast
 14464 | Lair:3   | Got a polished chain mail
 14475 | Lair:3   | Identified the +1 chain mail of Mezeil {+Inv rPois rF+}
                  | (You found it on level 3 of the Lair of Beasts)
 14616 | Lair:3   | XOM: medium Air miscast
 14768 | Lair:4   | XOM: mild Hex miscast
 14774 | Lair:4   | XOM: enchant monster (bad)
 14818 | Lair:4   | Found a staircase to the Shoals.
 14850 | Lair:4   | XOM: divination: detect creatures
 14902 | Lair:4   | XOM: harmless Necr miscast
 15242 | Lair:4   | XOM: smoke on damage
 15384 | Lair:4   | XOM: harmless Air miscast
 15555 | Lair:4   | XOM: medium Tmut miscast
 15608 | Lair:5   | Reached skill level 10 in Polearms
 15677 | Lair:5   | You fall into a shaft and drop 1 floor!
 15677 | Lair:6   | Entered Level 6 of the Lair of Beasts
 15688 | Lair:6   | Noticed Snorg
 15756 | Lair:6   | XOM: medium Tloc miscast
 15757 | Lair:6   | XOM: potion effect (curing)
 15807 | Lair:6   | XOM: medium Necr miscast
 15815 | Lair:6   | Reached skill level 12 in Fighting
 15906 | Lair:5   | XOM: harmless Hex miscast
 15933 | Lair:5   | XOM: mild Necr miscast
 16027 | Lair:5   | XOM: repel stairs
 16056 | Lair:5   | Noticed a four-headed hydra
 16065 | Lair:5   | XOM: 1-stop teleportation journey
 16075 | Lair:5   | XOM: noise
 16084 | Lair:5   | Killed a four-headed hydra
 16141 | Lair:5   | Found a staircase to the Slime Pits.
 16222 | Lair:5   | XOM: blink monster(s)
 16344 | Lair:5   | XOM: confusion
 16534 | Lair:5   | XOM: divine lightning
 16571 | Lair:6   | Gained mutation: You are in touch with the powers of death.
                  | [Mummy growth]
 16571 | Lair:6   | Reached XP level 13. HP: 104/108 MP: 19/19
 16708 | Lair:6   | XOM: harmless Summ miscast
 16785 | Lair:6   | Found a transporter.
 16806 | Lair:6   | XOM: mild Necr miscast
 16816 | Lair:6   | Killed Snorg
 16882 | Lair:6   | Noticed Akransas's ghost (journeyman OpVM)
 16923 | Lair:6   | XOM: medium Tmut miscast
 16925 | Lair:6   | Found a transporter.
 16937 | Lair:6   | XOM: stat loss: -1 Dex (11/12)
 16943 | Lair:6   | Reached skill level 1 in Shields
 16966 | Lair:6   | XOM: blink monster(s)
 16973 | Lair:6   | XOM: harmless Tloc miscast
 16997 | Lair:6   | XOM: confusion (+ monsters)
 17025 | Lair:6   | XOM: cast spell 'Summon Ice Beast'
 17073 | Lair:6   | XOM: medium Pois miscast
 17271 | Lair:6   | XOM: silly message
 17409 | Lair:6   | XOM: harmless Chrm miscast
 17445 | Lair:6   | XOM: god gift: murky sapphire potion {god gift}
 17612 | Lair:6   | XOM: harmless Pois miscast
 17613 | Lair:6   | XOM: divine lightning
 17704 | Lair:6   | XOM: confuse monster(s)
 17723 | Lair:6   | XOM: enchant monster (bad)
 17760 | Lair:6   | XOM: harmless Pois miscast
 17790 | Lair:6   | XOM: harmless Hex miscast
 18052 | D:10     | Noticed Fannar
 18062 | D:9      | XOM: god gift: 37 gold pieces
 18092 | D:9      | Noticed Fannar
 18092 | D:9      | Fannar changed into Fannar the cyclops
 18092 | D:9      | XOM: polymorph Fannar -> Fannar the cyclops
 18093 | D:9      | Killed Fannar the cyclops
 18111 | D:10     | XOM: cast spell 'Summon Mana Viper'
 18378 | D:10     | Found a runed translucent door.
 18378 | D:10     | Noticed a fire dragon
 18378 | D:10     | Noticed a fire dragon
 18381 | D:10     | Found the +2 shield of Resistance {rF+ rC+ MR+}
 18387 | D:10     | Found a runed translucent door.
 18410 | D:10     | XOM: summons 6 friendly demons
 18414 | D:10     | XOM: cast spell 'Summon Mana Viper'
 18679 | D:10     | XOM: confuse monster(s)
 18767 | D:10     | XOM: enchant monster (bad)
 18771 | D:10     | XOM: polymorph yak -> shapeshifter
 18785 | D:10     | XOM: scenery: create altars
 18904 | D:10     | XOM: god gift: scroll of fog
 19064 | D:10     | a fire dragon changed into a tyrant leech
 19124 | D:10     | a fire dragon changed into a wolf spider
 19393 | D:10     | XOM: god gift: notched golden ring {god gift}
 19583 | D:11     | Reached skill level 13 in Fighting
 19651 | D:11     | Found a portal to a secret trove of treasure.
 19824 | D:11     | XOM: silly message
 19830 | D:11     | XOM: noise
 19838 | D:11     | XOM: cast spell 'Alistair's Intoxication'
 19850 | D:11     | XOM: divination: detect items
 19896 | D:10     | XOM: god gift: wand of clouds (6)
 19939 | D:11     | XOM: fake destruction
 19945 | D:11     | XOM: destruction
 20215 | D:11     | XOM: enchant monster (good)
 20219 | D:11     | XOM: fog
 20221 | D:11     | Reached XP level 14. HP: 106/118 MP: 20/20
 20363 | D:11     | Noticed Erolcha
 20377 | D:11     | Killed Erolcha
 20616 | D:12     | XOM: fog
 20703 | D:12     | XOM: cleaving
 20737 | D:12     | XOM: polymorph slime creature -> shining eye
 20859 | D:12     | XOM: cleaving
 20863 | D:12     | XOM: blink monster(s)
 21174 | D:12     | XOM: harmless Summ miscast
 21556 | D:13     | You fall into a shaft and drop 2 floors!
 21556 | D:15     | Entered Level 15 of the Dungeon
 21647 | D:15     | XOM: mild Conj miscast
 21662 | D:15     | XOM: 2-stop teleportation journey
 21708 | D:15     | XOM: enchant monster (good)
 21725 | D:15     | XOM: cast spell 'Summon Small Mammal'
 21752 | D:15     | XOM: confusion (+ monsters)
 21760 | D:15     | XOM: divine lightning
 21777 | D:15     | XOM: god gift: runed plate armour {god gift}
 21794 | D:15     | XOM: scenery: create altars
 21821 | D:15     | Found a hide-covered altar of Uskayaw.
 21823 | D:15     | Found an iron altar of Okawaru.
 21823 | D:15     | Found a radiant altar of Vehumet.
 21825 | D:15     | Found an ancient bone altar of Kikubaaqudgha.
 21825 | D:15     | Found a burning altar of Makhleb.
 21825 | D:15     | Found a shimmering altar of Xom.
 21959 | D:15     | Reached skill level 5 in Shields
 22060 | D:15     | XOM: enchant monster (good)
 22138 | D:15     | XOM: enchant monster (good)
 22179 | D:15     | XOM: cleaving
 22256 | D:15     | Found a staircase to the Depths.
 22336 | D:15     | Found Zugaph's Food Boutique.
 22556 | D:15     | XOM: silly message
 22592 | D:15     | XOM: harmless Erth miscast
 22630 | D:15     | XOM: harmless Fire miscast
 22637 | D:15     | Found a glowing golden altar of the Shining One.
 22655 | D:15     | XOM: divination: magic mapping
 22660 | D:15     | XOM: harmless Air miscast
 22661 | D:15     | XOM: cast spell 'Summon Butterflies'
 22675 | D:15     | XOM: potion effect (brilliance)
 22696 | D:15     | XOM: summons 6 hostile demons
 22706 | D:15     | XOM: divine lightning
 22713 | D:15     | XOM: enchant monster (bad)
 22896 | D:15     | XOM: chaos cloud
 23036 | D:14     | XOM: potion effect (invisibility)
 23071 | D:14     | Learned a level 2 spell: Blink
 23077 | D:14     | Learned a level 4 spell: Summon Lightning Spire
 23101 | D:14     | XOM: confusion
 23105 | D:14     | XOM: harmless Conj miscast
 23106 | D:14     | XOM: harmless Summ miscast
 23333 | D:14     | Reached XP level 15. HP: 124/125 MP: 19/21
 23372 | D:14     | XOM: medium Pois miscast
 23374 | D:14     | XOM: enchant monster (bad)
 23379 | D:14     | XOM: swap monsters
 23391 | D:14     | XOM: polymorph white ugly thing -> green ugly thing
 23406 | D:14     | XOM: blink monster(s)
 23461 | D:14     | XOM: chaos upgrade
 23506 | D:14     | XOM: chaos upgrade
 23509 | D:14     | XOM: chaos upgrade
 23664 | D:14     | Reached skill level 14 in Fighting
 24078 | D:13     | XOM: repel stairs
 24141 | D:13     | Reached skill level 10 in Armour
 24150 | D:13     | XOM: cleaving
 24159 | D:13     | XOM: mild Chrm miscast
 24222 | D:13     | XOM: mild Tmut miscast
 24227 | D:13     | XOM: swap monsters
 24242 | D:13     | XOM: destruction
 24246 | D:13     | XOM: summons 12 friendly demons
 24295 | D:13     | XOM: 3-stop teleportation journey
 24381 | D:13     | Found a gate to the Vaults.
 24396 | D:13     | XOM: enchant monster (good)
 24420 | D:13     | XOM: confusion (+ monsters)
 24425 | D:13     | XOM: divine lightning
 24485 | D:13     | XOM: polymorph slime creature -> two-headed ogre
 24597 | D:13     | XOM: mild Summ miscast
 24880 | D:13     | XOM: swap monsters
 24881 | D:13     | XOM: mild Erth miscast
 25311 | D:13     | XOM: severe Conj miscast
 25466 | D:10     | XOM: medium Tmut miscast
 25520 | D:9      | XOM: scenery: create altars
 25544 | D:9      | XOM: cloud trail
 25790 | D:9      | XOM: cloud trail
 25803 | Orc:1    | XOM: smoke on damage
 25804 | D:9      | XOM: scenery: create altars
 25847 | D:9      | XOM: noise
 25944 | Orc:1    | XOM: cast spell 'Summon Small Mammal'
 25959 | Orc:1    | XOM: 6-stop teleportation journey
 26034 | Orc:1    | XOM: medium Pois miscast
 26052 | Orc:1    | Found a roughly hewn altar of Beogh.
 26087 | Orc:1    | XOM: 3-stop teleportation journey
 26250 | Orc:1    | XOM: summons 7 hostile demons
 26271 | Orc:1    | XOM: scenery: create altars
 26433 | Orc:2    | Entered Level 2 of the Orcish Mines
 26444 | Orc:2    | Noticed Sonja
 26447 | Orc:2    | Noticed Sonja
 26447 | Orc:2    | Sonja changed into Sonja the rime drake
 26447 | Orc:2    | XOM: polymorph Sonja -> Sonja the rime drake
 26457 | Orc:2    | Killed Sonja the rime drake
 26472 | Orc:2    | XOM: god gift: fan of gales
 26541 | Orc:2    | Found a staircase to the Elven Halls.
 26751 | Orc:2    | Reached skill level 1 in Air Magic
 26795 | Orc:2    | XOM: chaos upgrade
 26837 | Orc:2    | Found Eporociaf's Food Shop.
 26848 | Orc:2    | Reached skill level 1 in Translocations
 26851 | Orc:2    | Reached skill level 1 in Summonings
 26968 | Orc:1    | XOM: harmless Tloc miscast
 27056 | Orc:2    | XOM: harmless Air miscast
 27071 | Orc:2    | Found Motreyb's Food Boutique.
 27085 | Orc:2    | XOM: harmless Fire miscast
 27422 | Orc:2    | XOM: confuse monster(s)
 27488 | Orc:2    | XOM: harmless Summ miscast
 27755 | Orc:2    | Reached skill level 5 in Spellcasting
 27890 | Orc:2    | XOM: harmless Conj miscast
 27941 | Orc:2    | XOM is BORED!
 27941 | Orc:2    | XOM: mild Tloc miscast
 27984 | Orc:2    | Found Imupisk's Book Emporium.
 27984 | Orc:2    | Found Xyatoh's Antique Weapon Shoppe.
 27985 | Orc:2    | Found a one-way gate leading to the halls of Pandemonium.
 27990 | Orc:2    | Bought a glowing demon trident for 630 gold pieces
 28301 | Spider:1 | Entered Level 1 of the Spider Nest
 28364 | Lair:2   | Reached XP level 16. HP: 124/134 MP: 19/24
 28377 | Lair:2   | XOM: harmless Air miscast
 28403 | Spider:1 | XOM: potion effect (heal wounds)
 28434 | Spider:1 | XOM: cast spell 'Metabolic Englaciation'
 28451 | Spider:1 | XOM: cast spell 'Alistair's Intoxication'
 28561 | Spider:1 | XOM: mild Pois miscast
 28569 | Spider:1 | XOM: potion effect (heal wounds)
 28726 | Spider:1 | You fall into a shaft and drop 1 floor!
 28778 | Spider:1 | Reached skill level 15 in Fighting
 28939 | Spider:1 | XOM: potion effect (haste)
 28977 | Spider:1 | XOM: potion effect (agility)
 29327 | Spider:2 | XOM: harmless Erth miscast
 29333 | Spider:2 | XOM: harmless Necr miscast
 29382 | Spider:2 | Identified the cursed +0 broad axe "Grim" {protect, rF+}
                  | (You found it on level 2 of the Spider Nest)
 29485 | Spider:2 | XOM: cloud trail
 29565 | Spider:2 | XOM: enchant monster (good)
 29575 | Spider:2 | XOM: fake destruction
 29585 | Spider:2 | XOM: divination: detect creatures
 29906 | Spider:2 | XOM: cloud trail
 29996 | Spider:3 | XOM: harmless Chrm miscast
 30000 | Spider:3 | XOM: cast spell 'Leda's Liquefaction'
 30044 | Spider:3 | XOM: 1-stop teleportation journey
 30106 | Spider:3 | XOM: polymorph tarantella -> elephant
 30113 | Spider:3 | XOM: enchant monster (bad)
 30122 | Spider:3 | Noticed Mara
 30149 | Spider:3 | Noticed EnegeticOcto's illusion
 30170 | Spider:3 | XOM: enchant monster (bad)
 30276 | Spider:3 | XOM: polymorph komodo dragon -> golden eye
 30295 | Spider:2 | XOM: divination: detect creatures
 30314 | Spider:2 | Noticed EnegeticOcto's illusion
 30315 | Spider:2 | XOM: enchant monster (good)
 30319 | Spider:1 | XOM: cleaving
 30320 | Spider:1 | XOM: scenery: create altars
 30327 | Spider:1 | Noticed EnegeticOcto's illusion
 30330 | Spider:2 | XOM: enchant monster (good)
 30335 | Spider:2 | Noticed EnegeticOcto's illusion
 30393 | Spider:1 | XOM: god gift: 2 orange potions {god gift}
 30434 | Spider:2 | XOM: fog
 30500 | Spider:1 | XOM: 4-stop teleportation journey
 30543 | Spider:2 | XOM: fog
 30550 | Spider:2 | Noticed EnegeticOcto's illusion
 30568 | Spider:2 | Noticed Mara
 30568 | Spider:2 | Mara changed into Mara the hellephant
 30568 | Spider:2 | XOM: polymorph Mara -> Mara the hellephant
 30574 | Spider:2 | XOM: confuse monster(s)
 30727 | Spider:2 | XOM: confuse monster(s)
 30745 | Spider:2 | Killed Mara the hellephant
 30803 | Spider:3 | XOM: summons friendly white imp
 30888 | Spider:3 | XOM: enchant monster (good)
 30905 | Spider:3 | Noticed Arachne
 30917 | Spider:3 | XOM: summons friendly crimson imp
 30931 | Spider:3 | Killed Arachne
 30942 | Spider:3 | Noticed Aizul
 30951 | Spider:3 | XOM: enchant monster (good)
 30964 | Spider:3 | XOM: polymorph crimson imp -> quasit
 30965 | Spider:3 | XOM: confusion
 30970 | Spider:3 | XOM: confusion (+ monsters)
 30972 | Spider:3 | XOM: confuse monster(s)
 30979 | Spider:3 | XOM: enchant monster (bad)
 30985 | Spider:3 | XOM: harmless Summ miscast
 30995 | Spider:3 | Killed Aizul
 31145 | Spider:3 | XOM: harmless Hex miscast
 31203 | Spider:3 | XOM: harmless Conj miscast
 31426 | Spider:4 | Entered Level 4 of the Spider Nest
 31674 | Spider:4 | XOM: mild Air miscast
 31705 | Spider:4 | XOM: summons 5 friendly demons
 31708 | Spider:4 | XOM: enchant monster (good)
 31735 | Spider:4 | XOM: enchant monster (bad)
 31788 | Spider:4 | XOM: harmless Air miscast
 31832 | Spider:4 | XOM: swap monsters
 32096 | Spider:4 | XOM: polymorph jumping spider -> shapeshifter
 32109 | Spider:4 | Reached XP level 17. HP: 83/142 MP: 16/28
 32337 | Spider:4 | XOM: noise
 32343 | Spider:4 | XOM: divine lightning
 32348 | Spider:4 | XOM: god gift: 38 gold pieces
 32352 | Spider:4 | XOM: medium Tloc miscast
 32354 | Spider:4 | XOM: god gift: wand of random effects (22)
 32355 | Spider:4 | XOM: cleaving
 32455 | Spider:4 | XOM: fog
 32569 | Spider:4 | XOM: divine lightning
 32580 | Spider:4 | XOM: scenery: create altars
 32592 | Spider:4 | XOM: scenery: create altars
 32635 | Spider:4 | XOM: divination: detect creatures
 32769 | Spider:4 | Reached skill level 10 in Shields
 32769 | Spider:4 | Reached skill level 5 in Air Magic
 32855 | Spider:4 | Reached skill level 5 in Translocations
 32949 | Spider:4 | Reached skill level 5 in Summonings
 32991 | Spider:4 | XOM: polymorph wolf spider -> shapeshifter
 33054 | Spider:4 | XOM: enchant monster (good)
 33087 | Spider:4 | Got a gossamer rune of Zot
 33190 | Spider:2 | XOM: scenery: create altars
 33226 | Lair:2   | XOM: harmless Ice miscast
 33280 | Shoals:1 | Entered Level 1 of the Shoals
 33343 | Shoals:1 | XOM: god gift: lamp of fire
 33357 | Shoals:1 | XOM: god gift: 54 gold pieces
 33500 | Shoals:1 | XOM: divine lightning
 33554 | Shoals:1 | XOM: 8-stop teleportation journey
 33565 | Shoals:1 | XOM: scenery: create altars
 33716 | Shoals:1 | XOM: 1-stop teleportation journey
 33830 | Shoals:1 | XOM: enchant monster (good)
 34213 | Shoals:1 | XOM: cloud trail
 34326 | Shoals:2 | Identified the Collected Works on Dusty Curses
 34335 | Shoals:2 | Learned a level 5 spell: Borgnjor's Vile Clutch
 34342 | Shoals:2 | Learned a level 6 spell: Deflect Missiles
 34472 | Shoals:2 | XOM: 2-stop teleportation journey
 34492 | Shoals:2 | XOM: confuse monster(s)
 34533 | Shoals:2 | XOM: smoke on damage
 34542 | Shoals:2 | XOM: blink monster(s)
 34678 | Shoals:2 | XOM: summons 1 hostile shadow creature
 34717 | Shoals:2 | XOM: 2-stop teleportation journey
 35038 | Shoals:2 | XOM: harmless Fire miscast
 35141 | Shoals:2 | XOM: polymorph merfolk -> anaconda
 35183 | Shoals:2 | XOM: polymorph merfolk -> slime creature
 35205 | Shoals:2 | XOM: noise
 35210 | Shoals:2 | XOM: blink monster(s)
 35291 | Shoals:2 | XOM: medium Chrm miscast
 35408 | Shoals:3 | XOM: destruction
 35439 | Shoals:3 | Found a frozen archway.
 35465 | IceCv    | Entered an ice cave
 35476 | IceCv    | XOM: summons 3 friendly demons
 35678 | IceCv    | XOM: enchant monster (bad)
 35687 | IceCv    | XOM: smoke on damage
 35786 | IceCv    | XOM: destruction
 35816 | IceCv    | XOM: divination: detect creatures
 35853 | IceCv    | XOM: confuse monster(s)
 36207 | Shoals:3 | XOM: enchant monster (good)
 36210 | Shoals:3 | XOM: enchant monster (bad)
 36211 | Shoals:3 | XOM: snakes to sticks
 36237 | Shoals:3 | XOM: noise
 36264 | Shoals:3 | XOM: cast spell 'Alistair's Intoxication'
 36310 | Shoals:3 | XOM: summons 3 friendly demons
 36313 | Shoals:3 | XOM: mild Summ miscast
 36353 | Shoals:3 | XOM: cloud trail
 36416 | Shoals:3 | XOM: medium Tmut miscast
 36495 | Shoals:3 | XOM: mild Tloc miscast
 36565 | Shoals:3 | Reached XP level 18. HP: 106/149 MP: 31/31
 36724 | Shoals:3 | Reached skill level 10 in Spellcasting
 36828 | Shoals:3 | XOM: noise
 36877 | Shoals:3 | XOM: god gift: sapphire potion {god gift}
 37003 | Shoals:3 | XOM: silly message
 37109 | Shoals:4 | Entered Level 4 of the Shoals
 37177 | Shoals:4 | XOM: mild Necr miscast
 37204 | Shoals:4 | XOM: 3-stop teleportation journey
 37321 | Shoals:4 | XOM: fog
 37432 | Shoals:4 | XOM: cloud trail
 37595 | Shoals:4 | XOM: confuse monster(s)
 37614 | Shoals:4 | XOM: divination: detect items
 38111 | Shoals:4 | XOM: confusion (+ monsters)
 38130 | Shoals:4 | XOM: enchant monster (good)
 38134 | Shoals:4 | XOM: confuse monster(s)
 38158 | Shoals:4 | XOM: god gift: ring of protection {god gift}
 38352 | Shoals:4 | XOM: mild Hex miscast
 38436 | Shoals:4 | XOM: summons friendly white imp
 38437 | Shoals:4 | XOM: fog
 38456 | Shoals:4 | XOM: cast spell 'Metabolic Englaciation'
 38492 | Shoals:4 | XOM: 3-stop teleportation journey
 38817 | Shoals:4 | Got a barnacled rune of Zot
 38882 | Shoals:4 | XOM is BORED!
 38907 | Shoals:4 | XOM: 7-stop teleportation journey
 39126 | Lair:4   | XOM: scenery: create altars
 39463 | D:6      | XOM: god gift: 2840 gold pieces
 39607 | Vaults:1 | Entered Level 1 of the Vaults
 39720 | Vaults:1 | XOM: scenery: 2 doors close
 39780 | Vaults:1 | XOM: medium Fire miscast
 40043 | Vaults:1 | XOM: harmless Conj miscast
 40083 | Vaults:1 | XOM: mild Necr miscast
 40164 | Vaults:1 | XOM: chaos cloud
 40189 | Vaults:1 | XOM: chaos upgrade
 40191 | Vaults:1 | XOM: noise
 40259 | Vaults:1 | XOM: 1-stop teleportation journey
 40285 | Vaults:1 | XOM: 3-stop teleportation journey
 40396 | Vaults:1 | XOM: polymorph something unseen -> polar bear
 40445 | Vaults:1 | XOM: confuse monster(s)
 40466 | Vaults:1 | XOM: god gift: wand of scattershot (5)
 40554 | Vaults:1 | XOM: 1-stop teleportation journey
 40672 | Vaults:1 | XOM: divination: detect creatures
 40708 | Vaults:1 | XOM: divination: detect items
 40718 | Vaults:1 | XOM: cast spell 'Summon Small Mammal'
 40721 | Vaults:1 | XOM: noise
 41017 | Vaults:1 | XOM: summons friendly shadow imp
 41021 | Vaults:1 | XOM: harmless Pois miscast
 41031 | Vaults:1 | XOM: confuse monster(s)
 41217 | Vaults:1 | Noticed Saint Roka
 41228 | Vaults:1 | XOM: enchant monster (bad)
 41246 | Vaults:1 | Killed Saint Roka
 41383 | Vaults:1 | XOM: silly message
 41386 | Vaults:1 | XOM: potion effect (brilliance)
 41390 | Vaults:1 | Reached XP level 19. HP: 155/155 MP: 33/33
 41644 | Vaults:2 | XOM: harmless Erth miscast
 41659 | Vaults:2 | Found Yfuohol's Jewellery Shop.
 41667 | Vaults:2 | Bought the ring "Rurai" {Wiz Int+3 Slay+3} for 1229 gold
                  | pieces
 41803 | Vaults:2 | XOM: enchant monster (bad)
 42164 | Vaults:2 | XOM: summons 10 friendly demons
 42195 | Vaults:2 | XOM: fake destruction
 42220 | Vaults:2 | XOM: scenery: 1 doors close
 42244 | Vaults:2 | XOM: god gift: 18 stones
 42396 | Vaults:2 | Bought a +5 ring of protection for 1210 gold pieces
 42541 | Vaults:2 | Identified the +6 war axe of the Fulmar {flame, Dex+9} (You
                  | found it on level 2 of the Vaults)
 42571 | Vaults:2 | XOM: mild Chrm miscast
 42572 | Vaults:2 | XOM: cast spell 'Ring of Flames'
 42582 | Vaults:2 | XOM: divine lightning
 42669 | Vaults:2 | Found a staircase to the Crypt.
 43036 | Vaults:3 | XOM: swap monsters
 43211 | Vaults:3 | XOM: 5-stop teleportation journey
 43212 | Vaults:3 | You fall into a shaft and drop 1 floor!
 43301 | Vaults:3 | XOM: noise
 43461 | Vaults:3 | XOM: fog
 43484 | Vaults:3 | XOM: god gift: scroll of enchant armour
 43654 | Vaults:3 | XOM: enchant monster (good)
 43711 | Vaults:3 | XOM: divination: detect items
 43712 | Vaults:3 | XOM: confuse monster(s)
 43779 | Vaults:3 | XOM: enchant monster (good)
 43788 | Vaults:3 | XOM: potion effect (magic)
 43823 | Vaults:3 | XOM: harmless Tloc miscast
 43830 | Vaults:3 | XOM: enchant monster (good)
 43890 | Vaults:3 | XOM: confuse monster(s)
 43891 | Vaults:3 | XOM: noise
 43997 | Vaults:3 | XOM: cast spell 'Leda's Liquefaction'
 44046 | Vaults:3 | XOM: mild Air miscast
 44119 | Vaults:3 | XOM: noise
 44138 | Vaults:3 | XOM: god gift: 3 rations
 44183 | Vaults:3 | XOM: medium Air miscast
 44289 | Vaults:3 | XOM: noise
 44299 | Vaults:3 | XOM: enchant monster (bad)
 44319 | Vaults:3 | XOM: potion effect (haste)
 44320 | Vaults:3 | XOM: silly message
 44367 | Vaults:3 | XOM: silly message
 44492 | Vaults:3 | Found a runed translucent door.
 44715 | Vaults:3 | Noticed Ugguttuj's ghost (veteran DrWn)
 45118 | Vaults:4 | Reached XP level 20. HP: 113/162 MP: 34/34
 45445 | Vaults:4 | XOM: potion effect (invisibility)
 45626 | Vaults:4 | Reached skill level 10 in Air Magic
 45735 | Vaults:4 | XOM: mild Pois miscast
 45738 | Vaults:4 | Reached skill level 10 in Summonings
 45748 | Vaults:4 | XOM: confuse monster(s)
 45784 | Vaults:4 | Reached skill level 15 in Shields
 45895 | Vaults:4 | Reached skill level 1 in Necromancy
 45898 | Vaults:4 | Reached skill level 1 in Earth Magic
 46118 | Vaults:4 | XOM: harmless Conj miscast
 46129 | Vaults:4 | XOM: summons friendly ufetubus
 46484 | Vaults:4 | XOM: cloud trail
 46512 | Vaults:4 | XOM: polymorph fire giant -> shapeshifter
 46631 | Vaults:4 | Identified Kiusik's Disquisition on Feathery Transformation
 47054 | Vaults:4 | XOM: summons friendly shadow imp
 47071 | Vaults:4 | XOM: 1-stop teleportation journey
 47089 | Vaults:4 | Found Irithitt's Magic Scroll Emporium.
 47097 | Vaults:4 | Bought a scroll of teleportation for 60 gold pieces
 47097 | Vaults:4 | Bought a scroll of teleportation for 60 gold pieces
 47174 | Vaults:4 | Reached skill level 5 in Necromancy
 47190 | Vaults:4 | XOM: blink monster(s)
 47419 | Vaults:2 | XOM: harmless Tloc miscast
 47642 | Elf:1    | Entered Level 1 of the Elven Halls
 47669 | Elf:1    | XOM: confuse monster(s)
 47730 | Elf:1    | Found Celuug's Gadget Emporium.
 47764 | Elf:1    | Bought a wand of digging (6) for 360 gold pieces
 48023 | Elf:1    | XOM: 1-stop teleportation journey
 48077 | Elf:1    | XOM: destruction
 48097 | Elf:1    | Identified the +4 hand axe "Banisher" {flame, *Noise +Rage
                  | rPois rC+++}
 48121 | Elf:1    | XOM: 1-stop teleportation journey
 48249 | Elf:1    | Identified the Papyrus of Arcane Weapons
 48333 | Elf:2    | Found a runed translucent gate.
 48333 | Elf:2    | Found a runed translucent gate.
 48333 | Elf:2    | Found a runed translucent gate.
 48333 | Elf:2    | XOM: 2-stop teleportation journey
 48375 | Elf:2    | Reached skill level 5 in Earth Magic
 48376 | Elf:2    | XOM: confuse monster(s)
 48386 | Elf:2    | XOM: summons 3 friendly demons
 48669 | Elf:2    | XOM: summons 16 friendly demons
 48823 | Elf:2    | XOM: god gift: scroll of fear
 48872 | Elf:2    | XOM: god gift: 760 gold pieces
 48909 | Elf:2    | XOM: scenery: create altars
 49057 | Elf:2    | XOM: summons friendly crimson imp
 49062 | Elf:2    | XOM: enchant monster (bad)
 49351 | Elf:2    | Reached XP level 21. HP: 167/168 MP: 31/35
 49648 | Elf:3    | Entered Level 3 of the Elven Halls
 49656 | Elf:3    | Found Qaecs's Magic Scroll Shop.
 49749 | Elf:3    | XOM: mild Conj miscast
 49769 | Elf:3    | Found a magical portal.
 49833 | WizLab   | XOM: confusion (+ monsters)
 49835 | WizLab   | XOM: summons friendly shadow imp
 49839 | WizLab   | XOM: noise
 49841 | WizLab   | XOM: summons friendly crimson imp
 49916 | WizLab   | XOM: harmless Conj miscast
 50277 | WizLab   | XOM: 2-stop teleportation journey
 50439 | WizLab   | Identified the +1 robe of Divine Compulsion {rPois Str+4
                  | Stlth+}
 50489 | WizLab   | XOM: 2-stop teleportation journey
 50513 | WizLab   | Identified the Disquisition on Helpful Weightlessness
 50515 | WizLab   | Identified the Compendium of the Birds
 50808 | Elf:3    | Learned a level 5 spell: Summon Mana Viper
 50915 | Elf:3    | XOM: confusion (+ monsters)
 51041 | Elf:3    | XOM: fog
 51062 | Elf:3    | XOM: confuse monster(s)
 51307 | Elf:3    | XOM: 10-stop teleportation journey
 51528 | Elf:3    | XOM: 7-stop teleportation journey
 51674 | Elf:3    | XOM: noise
 51783 | Elf:3    | XOM: mild Tmut miscast
 51857 | Elf:3    | XOM: harmless Air miscast
 52277 | Elf:3    | XOM: blink monster(s)
 52408 | Elf:3    | XOM: smoke on damage
 52410 | Elf:3    | XOM: harmless Fire miscast
 52508 | Elf:3    | XOM: medium Necr miscast
 52511 | Elf:3    | XOM: harmless Summ miscast
 52512 | Elf:3    | XOM: smoke on damage
 52531 | Elf:3    | Identified the +2 leather armour of Weifaig {rC+ Str+3
                  | Dex+4}
 52669 | Elf:3    | XOM: swap monsters
 52672 | Elf:3    | XOM: potion effect (agility)
 52678 | Elf:3    | XOM: confuse monster(s)
 52723 | Elf:3    | Reached skill level 10 in Necromancy
 52726 | Elf:3    | Identified the cursed +0 flail of the Radish {flame, *Rage
                  | +Blink rN++ Int+3}
 52726 | Elf:3    | Identified the ring of Haugyf {rCorr Int+6 Dex+2}
 52730 | Elf:3    | XOM: harmless Fire miscast
 52886 | Elf:3    | XOM: cloud trail
 53036 | Elf:3    | XOM: harmless Necr miscast
 53074 | Elf:3    | Found the +10 Black Knight's horse barding {ponderous,
                  | rPois rN+}
 53081 | Elf:3    | Found the +3 pair of gauntlets of War {Slay+5}
 53096 | Elf:3    | Identified Vitaonel's Collected Works on Flamy Good Luck
 53111 | Elf:3    | XOM: harmless Conj miscast
 53146 | Elf:3    | Got a pair of steaming boots
 53147 | Elf:3    | Identified the +1 pair of boots "Atax" {*Contam rCorr
                  | Dex+2} (You found it on level 3 of the Elven Halls)
 53160 | Elf:3    | Identified the Papyrus of Too Many Cooks
 53582 | D:12     | XOM: harmless Necr miscast
 53708 | Crypt:1  | Entered Level 1 of the Crypt
 53754 | Crypt:1  | XOM: 4-stop teleportation journey
 53906 | Crypt:1  | XOM: 3-stop teleportation journey
 53918 | Crypt:1  | XOM: summons friendly quasit
 53937 | Crypt:1  | XOM: god gift: 23 gold pieces
 53977 | Crypt:1  | XOM: scenery: 1 doors open, 1 doors close
 55024 | Elf:2    | XOM: harmless Air miscast
 55048 | Elf:3    | Bought a scroll of enchant armour for 135 gold pieces
 55048 | Elf:3    | Bought a scroll of teleportation for 54 gold pieces
 55048 | Elf:3    | Bought a scroll of teleportation for 54 gold pieces
 55048 | Elf:3    | Bought a scroll of magic mapping for 63 gold pieces
 55048 | Elf:3    | Bought a scroll of enchant weapon for 135 gold pieces
 55048 | Elf:3    | Bought a scroll of enchant armour for 135 gold pieces
 55048 | Elf:3    | Bought a scroll of fog for 36 gold pieces
 55227 | D:11     | You paid a toll of a +7 demon trident to enter a treasure
                  | trove
 55228 | Trove    | Entered a treasure trove
 55236 | Trove    | Got a heavily runed plate armour
 55241 | Trove    | Found the +2 pair of boots of the Assassin {Detection Stab+
                  | Stlth++}
 55250 | Trove    | Got faintly glowing pearl dragon scales
 55256 | Trove    | Got a slimy shield
 55346 | D:11     | Identified the +0 shield of Beogh's Delight {-Tele rC+
                  | Int+7 Dex-4} (You found it in a treasure trove)
 55351 | D:11     | Identified the +0 plate armour "Irphostre" {rF+ Regen+
                  | rCorr MP+9} (You found it in a treasure trove)
 55353 | D:11     | Identified the +1 pearl dragon scales of the Ten Blessings
                  | {rC+ rN+ Str-4 Stlth+} (You found it in a treasure trove)
 55585 | Crypt:2  | XOM: potion effect (might)
 55639 | Crypt:2  | Noticed Bai Suzhen
 55671 | Crypt:2  | XOM: noise
 55673 | Crypt:2  | XOM: cast spell 'Summon Small Mammal'
 55704 | Crypt:2  | XOM: summons friendly white imp
 55706 | Crypt:2  | Killed Bai Suzhen
 55713 | Crypt:2  | Reached XP level 22. HP: 131/175 MP: 36/36
 55715 | Crypt:2  | XOM: harmless Tloc miscast
 55896 | Crypt:2  | XOM: mild Hex miscast
 56063 | Crypt:2  | XOM: medium Erth miscast
 56076 | Crypt:2  | Noticed Donald
 56081 | Crypt:2  | Killed Donald
 56511 | Crypt:3  | Entered Level 3 of the Crypt
 56530 | Crypt:3  | XOM: noise
 56540 | Crypt:3  | XOM: medium Air miscast
 56764 | Crypt:3  | XOM: chaos cloud
 56767 | Crypt:3  | Reached skill level 10 in Earth Magic
 56806 | Crypt:3  | XOM: chaos upgrade
 56906 | Crypt:3  | XOM: blink monster(s)
 56912 | Crypt:3  | XOM: 1-stop teleportation journey
 56920 | Crypt:3  | XOM: 2-stop teleportation journey
 57042 | Crypt:3  | XOM is BORED!
 57042 | Crypt:3  | XOM: 1-stop teleportation journey
 57061 | Crypt:3  | XOM: blink monster(s)
 57290 | Crypt:3  | Reached skill level 5 in Hexes
 57402 | Crypt:3  | Noticed Sojobo
 57404 | Crypt:3  | XOM: confusion (+ monsters)
 57425 | Crypt:3  | XOM: enchant monster (good)
 57447 | Crypt:3  | XOM: summons friendly iron imp
 57451 | Crypt:3  | Killed Sojobo
 57653 | Crypt:3  | XOM: fake destruction
 57700 | Crypt:3  | XOM: harmless Conj miscast
 57704 | Crypt:3  | Found a staircase to the Tomb.
 57859 | Crypt:3  | XOM: confuse monster(s)
 57925 | Crypt:3  | Found a basalt altar of Yredelemnul.
 57925 | Crypt:3  | Found an ancient bone altar of Kikubaaqudgha.
 57925 | Crypt:3  | XOM: 6-stop teleportation journey
 57979 | Crypt:3  | XOM: potion effect (curing)
 58163 | Crypt:3  | XOM: cast spell 'Summon Small Mammal'
 58210 | Crypt:3  | XOM: divination: magic mapping
 58385 | Crypt:3  | Identified the ring of Xetewiz {rC- rN+ Int+2 Dex+5} (You
                  | found it on level 3 of the Crypt)
 58386 | Crypt:3  | Identified the ring "Plog" {rPois rN+} (You found it on
                  | level 3 of the Crypt)
 58387 | Crypt:3  | Identified the ring "Seynt" {rC+ rN+ Int+5} (You found it
                  | on level 3 of the Crypt)
 58424 | Crypt:3  | Identified the amulet "Nusaorph" {Regen+ Int+6 Dex+4 SInv}
                  | (You found it on level 3 of the Crypt)
 58430 | Crypt:3  | Identified the Handbook of Unholy Magic
 58464 | Crypt:3  | Learned a level 4 spell: Passage of Golubria
 58522 | Crypt:3  | XOM: harmless Tloc miscast
 58527 | Crypt:3  | XOM: blink monster(s)
 58576 | Crypt:3  | XOM: god gift: small silver ring {god gift}
 59012 | Slime:1  | Entered Level 1 of the Pits of Slime
 59019 | Slime:1  | Found a viscous altar of Jiyva.
 59559 | Slime:1  | XOM: mild Tmut miscast
 59609 | Slime:2  | XOM: noise
 59756 | Slime:2  | Noticed Dissolution
 59767 | Slime:2  | Killed Dissolution
 59767 | Slime:2  | Reached skill level 1 in Charms
 60194 | Slime:1  | XOM: harmless Erth miscast
 60538 | Slime:3  | Reached XP level 23. HP: 181/181 MP: 39/39
 60608 | Slime:3  | XOM: mild Ice miscast
 60634 | Slime:3  | XOM: cast spell 'Discord'
 60769 | Slime:3  | XOM: scenery: create altars
 60873 | Slime:3  | XOM: god gift: plate armour {god gift}
 60918 | Slime:4  | XOM: scenery: create altars
 61282 | Slime:5  | Entered Level 5 of the Pits of Slime
 61355 | Slime:5  | XOM: cast spell 'Monstrous Menagerie'
 61556 | Slime:5  | Noticed the Royal Jelly
 61557 | Slime:5  | Found a viscous altar of Jiyva.
 61559 | Slime:5  | Found the +9 staff of Wucad Mu {channel}
 61565 | Slime:5  | XOM: divination: magic mapping
 61569 | Slime:5  | XOM: cast spell 'Summon Mana Viper'
 61570 | Slime:5  | XOM: 1-stop teleportation journey
 61589 | Slime:5  | XOM: confuse monster(s)
 61590 | Slime:5  | Killed the Royal Jelly
 61723 | Slime:5  | XOM: cloud trail
 62037 | Slime:5  | XOM: summons 2 friendly demons
 62041 | Slime:5  | XOM: scenery: create altars
 62080 | Slime:5  | Identified the Compendium of Twisted Beguiling
 62095 | Slime:5  | Got a slimy rune of Zot
 62112 | Slime:5  | Identified the cursed +2 scimitar "Tih Lamp" {slice, rF-
                  | rN+ Str+4 Stlth+} (You found it on level 5 of the Pits of
                  | Slime)
 62207 | Slime:5  | XOM: god gift: glowing mace {god gift}
 62240 | Slime:5  | XOM: noise
 62661 | Lair:5   | XOM: divination: detect items
 62794 | D:10     | XOM: divination: detect creatures
 62908 | Vaults:1 | XOM: silly message
 63074 | Vaults:5 | Entered Level 5 of the Vaults
 63085 | Vaults:5 | XOM: potion effect (might)
 63086 | Vaults:5 | XOM: summons 6 friendly demons
 63091 | Vaults:5 | XOM: cleaving
 63099 | Vaults:5 | Reached skill level 5 in Charms
 63124 | Vaults:5 | XOM: polymorph small abomination -> small abomination
 63130 | Vaults:4 | XOM: god gift: ring mail {god gift}
 63131 | Vaults:4 | XOM: cleaving
 63132 | Vaults:4 | XOM: summons friendly shadow imp
 63435 | Vaults:5 | XOM: divination: detect items
 63601 | Vaults:5 | XOM: scenery: create altars
 63622 | Vaults:5 | Identified the Papyrus of Twisted Aid
 63632 | Vaults:5 | Got a silver rune of Zot
 63637 | Vaults:5 | Identified the +8 shield of Elezusky {+Blink rElec rF-
                  | Dex+3} (You found it on level 5 of the Vaults)
 63645 | Vaults:5 | Noticed an ancient lich
 63651 | Vaults:5 | XOM: summons friendly crimson imp
 63654 | Vaults:5 | Reached skill level 10 in Hexes
 63657 | Vaults:5 | Killed an ancient lich
 63681 | Vaults:5 | XOM: confuse monster(s)
 63691 | Vaults:5 | Reached skill level 15 in Spellcasting
 63720 | Vaults:5 | XOM: god gift: leather armour {god gift}
 63936 | Vaults:5 | Reached XP level 24. HP: 174/188 MP: 38/42
 64139 | Vaults:5 | Identified the cursed +2 dire flail "Duepp" {holy, rElec
                  | rF+}
 64170 | Vaults:5 | Identified a scroll of acquirement
 64217 | Vaults:5 | XOM: confuse monster(s)
 64392 | Vaults:5 | Identified the +0 shield "Egisiziw" {Dex+4} (You acquired
                  | it on level 5 of the Vaults)
 64418 | Vaults:5 | XOM: chaos cloud
 64453 | Vaults:5 | XOM: summons 2 friendly demons
 64485 | Vaults:5 | XOM: confusion
 64487 | Vaults:5 | XOM: fake destruction
 64490 | Vaults:5 | XOM: cleaving
 64639 | Vaults:5 | XOM: potion effect (magic)
 64754 | Vaults:5 | XOM: 2-stop teleportation journey
 64886 | Vaults:5 | Reached skill level 16 in Fighting
 64981 | Vaults:5 | XOM: potion effect (curing)
 65268 | Vaults:5 | Learned a level 8 spell: Infestation
 65353 | Vaults:5 | Identified the +2 cloak of Ethics {rN+ Dex+2} (You found it
                  | on level 5 of the Vaults)
 65865 | Crypt:3  | XOM: scenery: create altars
 65888 | Tomb:1   | Entered Level 1 of the Tomb of the Ancients
 65903 | Tomb:1   | XOM: scenery: create altars
 65921 | Tomb:1   | XOM: god gift: scroll of noise
 66063 | Tomb:1   | XOM: god gift: phantom mirror
 66145 | Tomb:1   | XOM: fake destruction
 66341 | Tomb:1   | XOM: destruction
 66350 | Tomb:1   | XOM: 6-stop teleportation journey
 66395 | Tomb:1   | XOM: 4-stop teleportation journey
 66431 | Tomb:1   | XOM: scenery: create altars
 66828 | D:4      | Bought an uncursed staff of wizardry for 300 gold pieces
 66828 | D:4      | Bought a scroll of magic mapping for 42 gold pieces
 67047 | D:7      | Killed Ratty's ghost
 67140 | Lair:1   | XOM: harmless Tmut miscast
 67270 | Lair:6   | XOM: noise
 67283 | Lair:6   | Killed Akransas's ghost
 67417 | Lair:3   | XOM: harmless Conj miscast
 67578 | Orc:2    | Bought a book of Dreams for 1200 gold pieces
 67585 | Orc:2    | Learned a level 6 spell: Shadow Creatures
 67724 | Pan      | Entered Pandemonium
 67756 | Pan      | XOM: repel stairs
 67785 | Pan      | XOM: swap monsters
 67848 | Pan      | Reached skill level 15 in Necromancy
 67911 | Pan      | XOM: summons 1 hostile shadow creature
 68007 | Pan      | XOM: polymorph sun demon -> sixfirhy
 68009 | Pan      | XOM: blink monster(s)
 68010 | Pan      | XOM: harmless Tloc miscast
 68024 | Pan      | Reached skill level 17 in Fighting
 68352 | Pan      | XOM: harmless Summ miscast
 68558 | Pan      | XOM: summons 6 hostile demons
 68605 | Pan      | XOM: polymorph torturous warmonger -> iron dragon
 68613 | Pan      | Noticed Fanwoxit the pandemonium lord
 68623 | Pan      | XOM: confusion
 68633 | Pan      | Killed Fanwoxit the pandemonium lord
 68729 | Pan      | XOM: noise
 68818 | Pan      | Noticed Xeugguil the pandemonium lord
 68838 | Pan      | XOM: scenery: create altars
 68846 | Pan      | Killed Xeugguil the pandemonium lord
 68846 | Pan      | Reached XP level 25. HP: 153/202 MP: 32/42
 68903 | Pan      | XOM: polymorph neqoxec -> ynoxinul
 68947 | Pan      | XOM: enchant monster (good)
 69023 | Pan      | XOM: fake destruction
 69171 | Pan      | XOM: god gift: leather armour {god gift}
 69172 | Pan      | XOM: cloud trail
 69212 | Pan      | XOM: summons 3 hostile demons
 69385 | Pan      | XOM: silly message
 69547 | Pan      | XOM: stat loss: -1 Str (14/15)
 69553 | Pan      | XOM: confusion (+ monsters)
 69738 | Pan      | XOM: destruction
 69802 | Pan      | Reached skill level 18 in Fighting
 70090 | Pan      | XOM: 8-stop teleportation journey
 70461 | Pan      | XOM: smoke on damage
 70489 | Pan      | Found a runed translucent door.
 70682 | Pan      | Noticed Taob the pandemonium lord
 70692 | Pan      | Killed Taob the pandemonium lord
 71289 | Pan      | XOM: divine lightning
 71385 | Pan      | XOM: polymorph ice devil -> orange demon
 71395 | Pan      | Noticed Zafro the pandemonium lord
 71586 | Pan      | XOM: god gift: 760 gold pieces
 71673 | Pan      | XOM: 6-stop teleportation journey
 71870 | Pan      | XOM: confusion
 71871 | Pan      | XOM: enchant monster (bad)
 71877 | Pan      | Paralysed by accursed screaming for 1 turns
 71879 | Pan      | XOM: medium Ice miscast
 72068 | Pan      | XOM: god gift: scroll of random uselessness
 72086 | Pan      | Killed Zafro the pandemonium lord
 72192 | Pan      | XOM: harmless Tmut miscast
 72255 | Pan      | XOM: chaos cloud
 72283 | Pan      | XOM: summons 3 hostile shadow creatures
 72314 | Pan      | XOM: summons 4 hostile demons
 72321 | Pan      | XOM: god gift: scroll of holy word
 72362 | Pan      | XOM: noise
 72365 | Pan      | XOM: enchant monster (bad)
 72396 | Pan      | Got a demonic rune of Zot
 72396 | Pan      | XOM: confusion
 72591 | Pan      | XOM: potion effect (agility)
 72699 | Pan      | XOM: 1-stop teleportation journey
 72718 | Pan      | Noticed Dury Amn the pandemonium lord
 72738 | Pan      | Killed Dury Amn the pandemonium lord
 72843 | Pan      | XOM: cloud trail
 72942 | Pan      | Noticed Asmuleele the pandemonium lord
 73025 | Pan      | XOM: summons 11 friendly demons
 73051 | Pan      | XOM: harmless Tmut miscast
 73061 | Pan      | XOM: confusion
 73265 | Pan      | Found an exit through the horrors of the Abyss.
 73275 | Pan      | XOM: 5-stop teleportation journey
 73280 | Pan      | Found an exit through the horrors of the Abyss.
 73283 | Pan      | XOM: 1-stop teleportation journey
 73289 | Pan      | XOM: 2-stop teleportation journey
 73298 | Pan      | Gained mutation: You are strongly in touch with the powers
                  | of death. [Mummy growth]
 73298 | Pan      | Reached XP level 26. HP: 161/211 MP: 26/42
 73311 | Pan      | Entered the realm of Lom Lobon.
 73419 | Pan      | Noticed Mennas
 73421 | Pan      | XOM: blink monster(s)
 73428 | Pan      | Killed Mennas
 73843 | Pan      | XOM: silly message
 73930 | Pan      | Learned a level 1 spell: Confusing Touch
 73984 | Pan      | XOM: divination: magic mapping
 74084 | Pan      | XOM: silly message
 74090 | Pan      | Reached skill level 10 in Dodging
 74174 | Pan      | XOM: harmless Tmut miscast
 74254 | Pan      | XOM: mild Tmut miscast
 74308 | Pan      | XOM: divination: detect items
 74411 | Pan      | XOM: harmless Pois miscast
 74413 | Pan      | XOM: confuse monster(s)
 74443 | Pan      | XOM: harmless Tloc miscast
 74631 | Pan      | XOM: polymorph smoke demon -> ynoxinul
 74767 | Pan      | XOM: cast spell 'Cause Fear'
 74782 | Pan      | Paralysed by you for 5 turns
 74802 | Pan      | XOM: mild Hex miscast
 74868 | Pan      | Paralysed by you for 4 turns
 75133 | Pan      | Noticed Lom Lobon
 75153 | Pan      | Killed Lom Lobon
 75287 | Pan      | XOM: god gift: triple crossbow {god gift}
 75302 | Pan      | Got a magical rune of Zot
 75373 | Pan      | XOM: fake destruction
 75481 | Pan      | XOM: 4-stop teleportation journey
 75557 | Pan      | Noticed Tiheepit the pandemonium lord
 75569 | Pan      | XOM: stat loss: -1 Int (39/40)
 75572 | Pan      | Killed Tiheepit the pandemonium lord
 75580 | Pan      | Reached skill level 19 in Fighting
 75664 | Orc:2    | Escaped Pandemonium
 75894 | Depths:1 | Entered Level 1 of the Depths
 75965 | Depths:1 | XOM: noise
 75978 | Depths:1 | Found a gateway to Hell.
 76172 | Depths:1 | Found a one-way gate to the infinite horrors of the Abyss.
 76782 | Depths:2 | Reached skill level 1 in Throwing
 76782 | Depths:2 | XOM: swap monsters
 76783 | Depths:2 | XOM: summons friendly white imp
 76984 | Depths:2 | XOM: noise
 76988 | Depths:2 | XOM: scenery: 2 doors open, 1 doors close
 76990 | Depths:2 | XOM: 2-stop teleportation journey
 77097 | Depths:2 | XOM: noise
 77228 | Depths:2 | XOM: summons 4 friendly demons
 77361 | Depths:2 | XOM: summons friendly ufetubus
 77648 | Depths:3 | Found Mus Sotu's Jewellery Shoppe.
 77813 | Depths:3 | XOM: harmless Conj miscast
 78032 | Depths:3 | XOM: polymorph spriggan rider -> shock serpent
 78038 | Depths:3 | Reached XP level 27. HP: 201/222 MP: 42/42
 78117 | Depths:3 | XOM: harmless Tloc miscast
 78120 | Depths:3 | XOM: enchant monster (good)
 78357 | Depths:3 | Bought the amulet of Paxoh {RegenMP rF+ rC+ Dex-4} for 894
                  | gold pieces
 78357 | Depths:3 | Bought the ring of Phasing {EV+8} for 2688 gold pieces
 78357 | Depths:3 | Found the ring of Phasing {EV+8}
 78461 | Depths:3 | XOM: noise
 78534 | Depths:3 | XOM: scenery: 1 doors open
 78558 | Depths:3 | XOM: destruction
 78659 | Depths:3 | XOM: cloud trail
 78739 | Depths:3 | XOM: noise
 78746 | Depths:3 | Reached skill level 20 in Fighting
 78746 | Depths:3 | Reached skill level 5 in Throwing
 78846 | Depths:3 | XOM: harmless Ice miscast
 78896 | Depths:3 | Found the -2 hat of the Alchemist {rElec rPois rF+ rC+ rN+
                  | MR+ rMut rCorr}
 79168 | Depths:3 | Identified the Almanac of Abstinence
 79194 | Depths:3 | Identified the +8 flail of Juawib {freeze, *Corrode rN+
                  | Int+2} (You found it on level 3 of the Depths)
 79459 | Depths:4 | Found Tenu's Armour Shop.
 79597 | Depths:4 | Found a corrupted altar of Lugonu.
 79605 | Depths:4 | XOM: enchant monster (bad)
 79661 | Depths:4 | Found Arobui's Gadget Shop.
 79664 | Depths:4 | Bought a wand of scattershot (4) for 312 gold pieces
 79664 | Depths:4 | Bought a wand of acid (9) for 338 gold pieces
 79719 | Depths:4 | Found Owiach's Book Shop.
 79724 | Depths:4 | XOM: harmless Air miscast
 79725 | Depths:4 | XOM: enchant monster (bad)
 79896 | Depths:4 | XOM: summons 1 hostile shadow creature
 79993 | Depths:4 | XOM: enchant monster (bad)
 80086 | Depths:4 | XOM: severe Ice miscast
 80156 | Depths:4 | XOM: enchant monster (bad)
 80159 | Depths:4 | XOM: mild Conj miscast
 80172 | Depths:4 | XOM: enchant monster (bad)
 80334 | Depths:4 | Noticed a juggernaut
 80334 | Depths:4 | a titan changed into a juggernaut
 80334 | Depths:4 | XOM: polymorph titan -> juggernaut
 80336 | Depths:4 | XOM: confuse monster(s)
 80355 | Depths:4 | Killed a juggernaut
 80402 | Depths:4 | XOM: harmless Fire miscast
 80546 | Depths:4 | Found Juvedea's Food Shop.
 80611 | Depths:4 | XOM: cloud trail
 80700 | Depths:5 | XOM: noise
 80700 | Depths:5 | Entered Level 5 of the Depths
 80706 | Depths:5 | XOM: cleaving
 80900 | Depths:5 | XOM: harmless Summ miscast
 80987 | Depths:5 | Found a gateway to a ziggurat.
 81137 | Depths:5 | XOM: cloud trail
 81168 | Depths:5 | XOM: cleaving
 81234 | Depths:5 | XOM: harmless Summ miscast
 81247 | Depths:5 | Reached skill level 10 in Throwing
 81302 | Depths:5 | Found a gate to the Realm of Zot.
 81663 | Zot:1    | Entered Level 1 of the Realm of Zot
 81707 | Zot:2    | XOM: summons 4 hostile shadow creatures
 81708 | Zot:2    | XOM: summons 3 hostile demons
 81727 | Zot:2    | XOM: confusion
 81732 | Zot:2    | HP: 11/226 [red draconian monk[Xom] (9)]
 81734 | Zot:2    | Slain by a red draconian monk

Levels and vault maps discovered:
D:1:      dpeg_arrival_orchard, layout_loops_cross, minmay_domino_2
D:2:      layout_basic, marbit_many_paths
D:3:      layout_loops_ring, chequers_big_river, minmay_misc_feat_plants,
          columned_hall_lemuel, uniq_ijyb, uniq_crazy_yiuf_cottage, uniq_sigmund
D:4:      layout_basic, nicolae_overflow_hidden_temple, first_ration,
          serial_shops, shop, uniq_eustachio
D:5:      layout_cave_pools, st_stairs_1, serial_bayou_pond_e,
          uniq_blork_the_orc
D:6:      layout_layer_cave, minmay_temple_entry_large_hall, st_stairs_6,
          amethyst_killhole, lemuel_old_faithful
D:7:      layout_loops_ring, gammafunk_ghost_berserking_beasts, the_bakery,
          uniq_menkaure, uniq_pikel
D:8:      layout_rooms, serial_shops, nicolae_shop_trees
D:9:      layout_loops_ring, grunt_temple_overflow_open,
          grunt_lair_entry_orc_guard_hut, david_orc_2, nicolae_ru_path_of_blood
D:10:     layout_basic, serial_shops, shop_coins,
          minmay_guarded_unrand_resistance, uniq_fannar, uniq_harold
D:11:     layout_roguey, nicolae_trove_entry_free_sample, minivault_8,
          uniq_erolcha
D:12:     layout_basic, lemuel_flamethrower_2
D:13:     kennysheep_seaside_town, layout_gridville,
          lightli_vaults_fourway_checkpoint
D:14:     layout_loops_ring, minmay_misc_feat_cross
D:15:     hangedman_depths_entry_try_elsewhere_first, layout_cross,
          tso_metal_star, serial_shops, nicolae_shop_behind_doors, st_stairs_12,
          doesnt_xom_only_xom
Lair:1:   layout_long_grid, chequers_serial_rivers_micro_c
Lair:2:   layout_cave_pods, spider_nest_entry_web_field,
          infiniplex_staircase_pool_2, uniq_erica
Lair:3:   layout_regular_city
Lair:4:   layout_long_grid, minmay_shoals_entry_centaurs, serial_bayou_lagoon_b
Lair:5:   layout_roguey, minmay_slime_entry_eyes
Lair:6:   evilmike_catoblepas_cave, layout_long_grid,
          gammafunk_ghost_berserking_beasts, st_stairs_9, minivault_23,
          uniq_snorg
Shoals:1: layout_shoals
Shoals:2: layout_shoals, nicolae_shoals_arrival_archipelago
Shoals:3: layout_shoals, portal_ice_cave_entry_frozen_things
Shoals:4: shoals_end_grunt_ice, layout_shoals
Spider:1: layout_spider_delve
Spider:2: layout_spider_delve, nicolae_crawler_farm
Spider:3: layout_spider_delve, nicolae_spider_shape, uniq_aizul, uniq_arachne,
          uniq_mara
Spider:4: grunt_spider_rune_parallel
Slime:1:  layout_caves, basic_altar
Slime:2:  layout_caves, uniq_dissolution
Slime:3:  layout_caves
Slime:4:  layout_caves
Slime:5
Orc:1:    layout_caves, kennysheep_orc_chapel
Orc:2:    pf_orc_diabolical, layout_caves, nicolae_orc_rockfall, uniq_sonja
Elf:1:    layout_geoelf_octagon, serial_shops, shop, minmay_elf_annihilation
Elf:2:    layout_loops_ring
Elf:3:    minmay_elf_hall_curves, layout_geoelf_octagon, serial_shops,
          shop_statue, mu_enter_wizlab_2
Vaults:1: v_misc_11, nicolae_vaults_what_the_h, v_misc_26,
          ontoclasm_vaults_hangar, v_misc_18, vaults_room_boxed,
          hangedman_vaults_maws, vaults_dpeg_cross, grunt_vaults_hallway_short,
          v_misc_23, vaults_room_grid, hangedman_vaults_corner_blocks,
          layout_vaults_maze_bifur, uniq_saint_roka
Vaults:2: hangedman_vaults_capsules, nicolae_vaults_theta, v_pattern_1,
          ontoclasm_vaults_ring_square, minmay_crypt_entry_simple_box,
          v_misc_16, v_misc_12, st_smaller_cells,
          vaults_standard_mumra_enter_the_diamond, layout_vaults_big_room,
          serial_shops, nicolae_shop_temple_entry_statues_fountains
Vaults:3: ebering_vaults_ghost_reflecting_pool, v_misc_13, vaults_room_octagon,
          nicolae_vaults_rhombus_7, hangedman_vaults_hat,
          layout_vaults_quadrants
Vaults:4: v_misc_30, v_misc_11, ontoclasm_vaults_eye, v_rooms_1,
          st_greater_box_4, ontoclasm_vaults_chip, vaults_room_pool,
          ontoclasm_vaults_shuriken, v_misc_10, hangedman_vaults_corner_blocks,
          grunt_vaults_hallway_short, nicolae_vaults_specimen_jars,
          vaults_room_pool, layout_vaults_omnicross, serial_shops,
          nicolae_shop_statue_plus
Vaults:5
Crypt:1:  layout_basic, grunt_crypt_arrival_webbed
Crypt:2:  layout_regular_city, uniq_bai_suzhen, uniq_donald
Crypt:3:  lightli_unholy_cathedral, layout_chaotic_city,
          tomb_entry_sphere_bobbens, uniq_sojobo
Tomb:1
Depths:1: layout_cave_pools, abyss_entry, hell_entry
Depths:2: minmay_the_grid_plus [minmay_the_grid_dragon_a,
          minmay_the_grid_outer_diamond, minmay_the_grid_diamond_grid,
          minmay_the_grid_airy, minmay_the_grid_prize_big_room],
          layout_cave_pools, hell_entry, abyss_entry_crystal, dk_noncrumbling_4,
          minmay_staircase_bubble
Depths:3: gold_lair_mu, layout_cave_pools, serial_shops, nicolae_shop_trees,
          serial_sigils, serial_sigils_hangedman_gnaw,
          serial_sigils_hangedman_snap, serial_sigils_hangedman_confine,
          serial_sigils_hangedman_writhe, rand_demon_pan_entry_7,
          minmay_misc_feat_doors, hell_entry
Depths:4: cross_vault, layout_twisted_cross, serial_shops, kennysheep_mini,
          shop, nicolae_shop_crystal, nicolae_shop_trees,
          nicolae_twisting_strands, hell_entry, abyss_entry_flame_altar,
          minmay_staircase_statues, serial_bayou_shore_b
Depths:5: evilmike_zot_entry_hall, layout_cave_pools, enter_ziggurat_c,
          chequers_serial_rivers_micro_d, hangedman_geh_valley, abyss_entry
Zot:1:    layout_cathedral_of_symmetry, grunt_megastairs_3
Zot:2:    kennysheep_ambush_hall, layout_concentric_octagons,
          hangedman_swamp_dais

Skill      XL: |  1  2  3  4  5  6  7  8  9 10 11 12 13 14 15 16 17 18 19 20 21 22 23 24 25 26 27 |
---------------+----------------------------------------------------------------------------------+-----
Fighting       | 4 5 7 8 9 10 11 12 13 14 15 17 18 19 20 | 20.7
Armour         | 3 5 6 7 8 9 10 11 12 14 | 14.0
Dodging        | 3 5 7 9 11 12 | 12.0
Spellcasting   | 3 4 5 7 9 10 12 15 | 15.0
Hexes          | 2 4 7 10 | 10.0
Bows           | 1 |  1.0
Staves         | 2 |  2.4
Polearms       | 5 8 10 12 13 | 13.9
Evocations     | 3 4 |  4.0
Shields        | 3 5 7 9 11 13 14 15 | 15.0
Air Magic      | 2 4 6 8 9 10 | 10.0
Translocations | 2 4 6 |  6.0
Summonings     | 2 4 6 8 9 10 | 10.0
Necromancy     | 6 11 12 15 19 | 19.0
Earth Magic    | 5 9 10 | 10.0
Charms         | 1 5 |  5.0
Throwing       | 3 10 | 10.5
Short Blades   | |  2.4

Action                   |  1- 3 |  4- 6 |  7- 9 | 10-12 | 13-15 | 16-18 | 19-21 | 22-24 | 25-27 || total
-------------------------+-------+-------+-------+-------+-------+-------+-------+-------+-------++-------
Melee: Short sword       |    95 |   217 |    42 |       |       |       |       |       |       ||   354
       Dagger            |       |     8 |   396 |       |       |       |       |       |       ||   404
       Quarterstaff      |       |       |   101 |   542 |       |       |       |       |       ||   643
       Demon trident     |       |       |       |   470 |  2109 |  2686 |  1937 |  1758 |  1948 || 10908
Throw: Dart              |       |       |     1 |     6 |    18 |    19 |     6 |       |       ||    50
       Throwing net      |       |       |       |       |     1 |       |       |     2 |     1 ||     4
       Javelin           |       |       |       |       |       |       |       |    16 |     8 ||    24
 Cast: Confusing Touch   |       |       |       |     1 |       |       |       |       |       ||     1
       Summon Lightning  |       |       |       |       |       |     6 |    43 |    32 |    22 ||   103
       Borgnjor's Vile C |       |       |       |       |       |       |    41 |    82 |   114 ||   237
       Deflect Missiles  |       |       |       |       |       |       |     1 |     6 |    14 ||    21
       Apportation       |       |       |       |       |       |       |       |    15 |    10 ||    25
       Passage of Golubr |       |       |       |       |       |       |       |     3 |     4 ||     7
       Blink             |       |       |       |       |       |       |       |     1 |       ||     1
       Invisibility      |       |       |       |       |       |       |       |     2 |     5 ||     7
       Infestation       |       |       |       |       |       |       |       |       |    34 ||    34
       Shadow Creatures  |       |       |       |       |       |       |       |       |     2 ||     2
 Abil: Evoke Invisibilit |       |       |       |       |     1 |       |       |       |       ||     1
Evoke: Wand              |       |    13 |     5 |    19 |    12 |    31 |     5 |     9 |    26 ||   120
       Lamp of fire      |       |       |       |       |     2 |     5 |     4 |     3 |     1 ||    15
       Lightning rod     |       |       |       |       |       |     4 |     4 |     4 |       ||    12
       Box of beasts     |       |       |       |       |       |       |     1 |       |       ||     1
       Phantom mirror    |       |       |       |       |       |       |       |       |     4 ||     4
  Use: Scroll            |     3 |     3 |     5 |    12 |    14 |    12 |    29 |    21 |    19 ||   118
 Stab: Paralysed         |     2 |     5 |     2 |     3 |     4 |    11 |     3 |       |     1 ||    31
       Petrifying        |     1 |     1 |       |       |       |     4 |       |       |       ||     6
       Petrified         |       |     1 |       |       |       |     7 |       |       |       ||     8
       Distracted        |       |       |     2 |       |     1 |     3 |    14 |     7 |    21 ||    48
       Sleeping          |       |       |     1 |       |       |       |       |     4 |     2 ||     7
       Confused          |       |       |       |     4 |     6 |    14 |     8 |     2 |       ||    34
       Invisible         |       |       |       |       |     4 |       |       |    11 |    14 ||    29
       Held in net/web   |       |       |       |       |     2 |       |       |     1 |       ||     3
Armor: Leather armour    |    31 |       |       |       |       |       |       |       |       ||    31
       Chain mail        |     8 |   155 |   315 |   334 |   168 |       |       |       |       ||   980
       Plate armour      |       |       |       |   632 |       |       |       |       |       ||   632
       Fire dragon scale |       |       |       |       |   417 |   866 |   506 |   510 |   586 ||  2885
       Storm dragon scal |       |       |       |       |       |       |       |       |    44 ||    44
Dodge: Dodged            |    40 |    69 |   156 |   375 |   506 |   886 |   330 |   396 |   624 ||  3382
       Deflected         |       |       |       |       |       |       |     1 |    31 |   123 ||   155
Block: Shield            |       |       |       |       |   579 |  1236 |   728 |   683 |   899 ||  4125
